 Dungeon Crawl Stone Soup version 0.23.0 (webtiles) character file.

Game seed: 16805966857317683115

11937614 Melkor the Bringer of Light (level 27, 581/581 HPs)
             Began as a Naga Wanderer on Feb 12, 2019.
             Was the Champion of the Shining One.
             Escaped with the Orb
             ... and 15 runes on Feb 14, 2019!
             The game lasted 08:23:04 (138990 turns).

Melkor the Bringer of Light (Naga Wanderer)       Turns: 138990, Time: 08:23:05

Health: 581/581    AC: 37    Str: 20      XL:     27
Magic:  48/48      EV: 41    Int: 21 (22) God:    the Shining One [******]
Gold:   3504       SH: 32    Dex: 23      Spells: 2/60 levels left

rFire    + + .     SeeInvis +   s - +8 mithril axe "Arga" {speed, MR+}
rCold    + . .     Gourm    .   k - +8 large shield {AC+3}
rNeg     + + +     Faith    .   (armour currently unavailable)
rPois    ∞         Spirit   .   C - +2 hat "Haiv" {rF+}
rElec    +         Reflect  .   t - +4 dragonskin cloak
rCorr    .         Harm     .   (gloves currently unavailable)
MR       ++++.     Rnd*Rage +   (no barding) Stlth ..........Rnd*Tele +
                                h - amulet of Equivalence {Acrobat rN++ Dex+3}
HPRegen  1.06/turn              p - +6 ring of evasion
MPRegen  0.31/turn              F - ring of the Peculiar Cities {rF+ rC+ MP+9}

@: mighty, brilliant, agile, berserking, statue-form, hasted, glowing
A: large, see invisible, berserk 3, clumsy 1, deformed body, deterioration 1,
low mp 1, poison resistance, screaming 1, slow metabolism 1, spit poison 1,
teleportitis 1, weak 1, constrict 1, AC +9
0: Orb of Zot
}: 15/15 runes: decaying, slimy, silver, golden, iron, obsidian, icy, bone,
abyssal, demonic, glowing, magical, fiery, dark, gossamer
a: Spit Poison, End Transformation, Divine Shield, Cleansing Flame, Summon
Divine Warrior, Renounce Religion


You escaped.
You worshipped the Shining One.
The Shining One was exalted by your worship.
You were full.
You were a stone statue.
You visited 18 branches of the dungeon, and saw 87 of its levels.
You visited Pandemonium 7 times, and saw 41 of its levels.
You visited the Abyss 76 times.
You visited 1 bazaar.
You visited 1 ziggurat, and saw 12 of its levels.
You also visited: Ice Cave and Volcano.

You collected 14329 gold pieces.
You spent 2511 gold pieces at shops.
You donated 8314 gold pieces to Zin.


Innate Abilities, Weirdness & Mutations

You cannot wear boots.
((Your serpentine skin is tough. (AC +9)))
You have supernaturally acute eyesight. (SInv)
Armour fits poorly on your strangely shaped body.
Your system is resistant to poisons. (rPois)
((You cover ground very slowly.))
You have a slow metabolism.
You can spit poison.
You can use your snake-like lower body to constrict enemies.
You have an uncontrollable temper.
You are clumsy. (Dex -2)
Your body sometimes deteriorates upon taking damage.
Your magical capacity is low. (-10% MP)
You occasionally shout uncontrollably at your foes.
You are occasionally teleported next to monsters.
You are weak. (Str -2)


   Skills:
 O Level 27 Fighting
 O Level 27 Axes
   Level 14.0(22.1) Polearms
 - Level 22.3 Armour
 - Level 22.3 Dodging
 O Level 27 Stealth
 - Level 22.4 Shields
 - Level 17.3 Spellcasting
 - Level 6.2 Conjurations
 + Level 17.1 Hexes
 - Level 15.0 Charms
 - Level 16.5 Summonings
 - Level 9.4 Necromancy
 - Level 8.7 Translocations
 - Level 12.7 Transmutations
 - Level 2.0 Fire Magic
 - Level 12.2 Air Magic
 - Level 12.7 Earth Magic
 - Level 9.8 Poison Magic
 O Level 27 Invocations
 - Level 6.0 Evocations


You had 2 spell levels left.
You knew the following spells:

 Your Spells              Type           Power        Failure   Level  Hunger
a - Spider Form           Tmut/Pois      ######....   1%          3    None
b - Sticks to Snakes      Tmut           ######..     1%          2    None
c - Ignite Poison         Fire/Tmut/Pois ######..     1%          3    None
d - Mephitic Cloud        Conj/Pois/Air  ######..     1%          3    None
e - Regeneration          Chrm/Necr      ######....   1%          3    None
f - Venom Bolt            Conj/Pois      ######....   1%          5    ##.....
h - Blink                 Tloc           N/A          1%          2    None
i - Lesser Beckoning      Tloc           ######....   1%          3    None
j - Passage of Golubria   Tloc           N/A          1%          4    None
k - Swiftness             Chrm/Air       ######..     0%          2    None
l - Statue Form           Tmut/Erth      ######...    1%          6    ####...
o - Song of Slaying       Chrm           #######.     0%          2    None
s - Shadow Creatures      Summ           N/A          1%          6    ####...
u - Recall                Summ/Tloc      N/A          1%          3    None
S - Silence               Hex/Air        #######...   1%          5    ##.....
X - Deflect Missiles      Chrm/Air       ######....   1%          6    ####...

Your spell library contained the following spells:

 Spells                   Type           Power        Failure   Level  Hunger
 Beastly Appendage        Tmut           ######       0%          1    None
 Confusing Touch          Hex            ######       0%          1    None
 Corona                   Hex            #######      0%          1    None
 Sandblast                Erth           ######       0%          1    None
 Summon Butterflies       Summ           #######.     0%          1    None
 Summon Small Mammal      Summ           ####         0%          1    None
 Call Imp                 Summ           #######.     0%          2    None
 Slow                     Hex            #######.     0%          2    None
 Animate Skeleton         Necr           N/A          1%          1    None
 Apportation              Tloc           ######       1%          1    None
 Flame Tongue             Conj/Fire      #####        1%          1    None
 Freeze                   Ice            ####         1%          1    None
 Magic Dart               Conj           ####         1%          1    None
 Pain                     Necr           ####         1%          1    None
 Shock                    Conj/Air       ####         1%          1    None
 Corpse Rot               Necr           N/A          1%          2    None
 Ensorcelled Hibernation  Hex/Ice        ######       1%          2    None
 Passwall                 Tmut/Erth      ######..     1%          2    None
 Poisonous Vapours        Pois/Air       ######       1%          2    None
 Searing Ray              Conj           ######       1%          2    None
 Shroud of Golubria       Chrm/Tloc      ######....   1%          2    None
 Sublimation of Blood     Necr           ######....   1%          2    None
 Throw Flame              Conj/Fire      #####.       1%          2    None
 Throw Frost              Conj/Ice       #####.       1%          2    None
 Call Canine Familiar     Summ           #######.     0%          3    None
 Spectral Weapon          Hex/Chrm       #######.     0%          3    None
 Summon Guardian Golem    Hex/Summ       #######.     0%          3    None
 Tukima's Dance           Hex            #######.     0%          3    None
 Conjure Flame            Conj/Fire      #####...     1%          3    None
 Dazzling Spray           Conj/Hex       ######       1%          3    None
 Gell's Gravitas          Tloc           ######....   1%          3    None
 Inner Flame              Hex/Fire       ######..     1%          3    None
 Ozocubu's Armour         Chrm/Ice       ######..     1%          3    None
 Portal Projectile        Hex/Tloc       ######       1%          3    None
 Static Discharge         Conj/Air       ######..     1%          3    None
 Stone Arrow              Conj/Erth      ######       1%          3    None
 Teleport Other           Tloc           ######..     1%          3    None
 Vampiric Draining        Necr           ######....   1%          3    None
 Airstrike                Air            ######....   1%          4    None
 Animate Dead             Necr           N/A          1%          4    None
 Cause Fear               Hex            #######...   1%          4    None
 Force Lance              Conj/Tloc      ######..     1%          4    None
 Fulminant Prism          Conj/Hex       ######....   1%          4    None
 Ice Form                 Ice/Tmut       ######..     1%          4    None
 Iskenderun's Mystic Bla  Conj           ######..     1%          4    None
 Leda's Liquefaction      Hex/Erth       #######...   1%          4    None
 Olgreb's Toxic Radiance  Pois           ######..     1%          4    None
 Petrify                  Tmut/Erth      ######..     1%          4    None
 Sticky Flame             Conj/Fire      #####...     1%          4    None
 Summon Ice Beast         Ice/Summ       ######..     1%          4    None
 Summon Lightning Spire   Summ/Air       ######..     1%          4    None
 Throw Icicle             Conj/Ice       #####...     1%          4    None
 Agony                    Necr           ######..     1%          5    ##.....
 Alistair's Intoxication  Tmut/Pois      ######..     1%          5    ##.....
 Blade Hands              Tmut           ######....   1%          5    ##.....
 Bolt of Draining         Conj/Necr      ######....   1%          5    ##.....
 Bolt of Magma            Conj/Fire/Erth ######....   1%          5    ##.....
 Borgnjor's Vile Clutch   Necr/Erth      ######....   1%          5    ##.....
 Dispel Undead            Necr           ######..     1%          5    ##.....
 Excruciating Wounds      Chrm/Necr      ######....   1%          5    ##.....
 Fireball                 Conj/Fire      #####.....   1%          5    ##.....
 Irradiate                Conj/Tmut      ######....   1%          5    ##.....
 Iskenderun's Battlesphe  Conj/Chrm      ######..     1%          5    ##.....
 Lee's Rapid Deconstruct  Erth           ######....   1%          5    ##.....
 Lightning Bolt           Conj/Air       ######....   1%          5    ##.....
 Metabolic Englaciation   Hex/Ice        ######....   1%          5    ##.....
 Summon Forest            Summ/Tloc      ######....   1%          5    ##.....
 Summon Mana Viper        Hex/Summ       #######.     1%          5    ##.....
 Yara's Violent Unravell  Hex/Tmut       #######...   1%          5    ##.....
 Conjure Ball Lightning   Conj/Air       ######....   1%          6    ####...
 Darkness                 Hex            #######...   1%          6    ####...
 Death Channel            Necr           ######....   1%          6    ####...
 Hydra Form               Tmut           ######....   1%          6    ####...
 Invisibility             Hex            #######.     1%          6    ####...
 Iron Shot                Conj/Erth      ######....   1%          6    ####...
 Dragon Form              Tmut           ######....   1%          7    ######.
 Malign Gateway           Summ/Tloc      ######....   1%          7    ######.
 Monstrous Menagerie      Summ           #######...   1%          7    ######.
 Summon Greater Demon     Summ           #######...   1%          7    ######.
 Summon Hydra             Summ           #######...   1%          7    ######.
 Poison Arrow             Conj/Pois      ######....   2%          6    ####...
 Discord                  Hex            #######...   2%          8    #######
 Summon Horrible Things   Summ           #######...   2%          8    #######
 Spellforged Servitor     Conj/Summ      ######....   3%          7    ######.
 Freezing Cloud           Conj/Ice/Air   ######....   4%          6    ####...
 Simulacrum               Ice/Necr       ######....   8%          6    ####...
 Ring of Flames           Chrm/Fire      ######....   9%          7    ######.
 Bolt of Fire             Conj/Fire      #####.....   10%         6    ####...
 Bolt of Cold             Conj/Ice       #####.....   14%         6    ####...
 Orb of Destruction       Conj           ######....   21%         7    ######.
 Dragon's Call            Summ           #######...   32%         9    #######
 Lehudib's Crystal Spear  Conj/Erth      ######....   36%         8    #######
 Chain Lightning          Conj/Air       ######....   38%         8    #######
 Ozocubu's Refrigeration  Ice            ####......   41%         6    ####...
 Shatter                  Erth           ######....   78%         9    #######
 Tornado                  Air            ######....   83%         9    #######
 Fire Storm               Conj/Fire      #####.....   100%        9    #######
 Glaciate                 Conj/Ice       #####.....   100%        9    #######

Inventory:

Hand Weapons
 s - the +8 mithril axe "Arga" (weapon) {speed, MR+}
   (You found it on level 6 of the Lair of Beasts)

   Attacks with this weapon are significantly faster.
   It affects your resistance to hostile enchantments.
 J - a +9 broad axe of holy wrath
Missiles
 i - 5 throwing nets {=f}
 I - 7 poisoned javelins
 X - 8 javelins (quivered)
Armour
 k - a +8 large shield of protection (worn)
 t - the +4 dragonskin cloak (worn)
   (You took it off Tiamat on level 4 of the Realm of Zot)
 C - the +2 hat "Haiv" (worn) {rF+}
   (You found it on level 2 of the Orcish Mines)

   It protects you from fire.
 D - a +2 pair of gloves of strength (melded)
 N - the +4 naga barding of Atitadeg (melded) {Str+4}
   (Okawaru gifted it to you in a volcano)

   It affects your strength (+4).
 U - the +6 scale mail of Defence (melded) {*Drain rF+ rC+}
   (You found it on level 12 of the Dungeon)

   It protects you from fire.
   It protects you from cold.
   It causes draining when unequipped.
Jewellery
 a - the ring of Shadows {Umbra +Inv Stlth+}
   (You took it off a deep elf blademaster on level 3 of the Elven Halls)

   [ring of stealth]

   It lets you turn invisible.
   It makes you more stealthy.
 h - the amulet of Equivalence (around neck) {Acrobat rN++ Dex+3}
   (You bought it in a shop on level 2 of the Vaults)

   [amulet of the acrobat]

   It helps you evade while moving and waiting.
   It affects your dexterity (+3).
   It greatly protects you from negative energy.
 p - a +6 ring of evasion (left hand)
 u - the amulet of Vitality {Regen+ HP+15}
   (You took it off an ironbrand convoker on level 4 of the Vaults)

   [amulet of regeneration]

   It affects your health (+15).
   It increases your rate of regeneration.
 x - the ring "Tosaasuube" {Wiz rPois Str+5}
   (You took it off a deep elf elementalist on level 3 of the Elven Halls)

   [ring of wizardry]

   It improves your spell success rate.
   It affects your strength (+5).
   It protects you from poison.
 F - the ring of the Peculiar Cities (right hand) {rF+ rC+ MP+9}
   (You bought it in a shop on level 1 of the Orcish Mines)

   [ring of protection from fire]

   It protects you from fire.
   It protects you from cold.
   It affects your magic capacity (+9).
 G - an uncursed amulet of rage
 O - the ring of Eshumpug {rC+ Str+5 Dex+4 Stlth+}
   (You found it in Pandemonium)

   [ring of strength]

   It affects your strength (+5).
   It affects your dexterity (+4).
   It protects you from cold.
   It makes you more stealthy.
 R - an uncursed ring of resist corrosion
 S - a +4 ring of strength
 Y - an uncursed ring of protection from magic
Wands
 g - a wand of acid (33)
 n - a wand of digging (14)
 y - a wand of clouds (19)
 M - a wand of paralysis (16)
Scrolls
 j - 4 scrolls of blinking
 o - 5 scrolls of silence {!r}
 v - 11 scrolls of teleportation {@r4}
 w - 7 scrolls of magic mapping
 z - 51 scrolls of remove curse {@r2}
 H - a scroll of fear
 K - 11 scrolls of fog
 P - 13 scrolls of identify {@r1}
 Q - 3 scrolls of holy word
 V - 5 scrolls of summoning
Potions
 b - 21 potions of brilliance
 c - 34 potions of curing {@q1}
 d - a potion of berserk rage {!q}
 e - 12 potions of might
 l - 9 potions of agility
 q - 7 potions of magic
 r - 7 potions of ambrosia
 A - 9 potions of resistance
 E - 26 potions of heal wounds {@q2}
 L - 9 potions of cancellation
 W - a potion of flight
 Z - 4 potions of haste {@q3}
Miscellaneous
 m - a sack of spiders
 B - a phial of floods
 T - a phantom mirror
Comestibles
 f - 66 rations {@e1}

Dungeon Overview and Level Annotations

Branches:
Dungeon (15/15)            Temple (1/1) D:4            Lair (6/6) D:10
  Swamp (4/4) Lair:2       Spider (4/4) Lair:4        Slime (5/5) Lair:6
    Orc (2/2) D:12            Elf (3/3) Orc:2        Vaults (5/5) D:14
  Crypt (3/3) Vaults:3       Tomb (3/3) Crypt:3      Depths (5/5) D:15
   Hell (1/1)                 Dis (7/7) Hell            Geh (7/7) Hell
    Coc (7/7) Hell            Tar (7/7) Hell            Zot (5/5) Depths:5

Altars:
Ashenzari
Cheibriados
Dithmenos
Elyvilon
Fedhas
Gozag
Hepliaklqana
Kikubaaqudgha
Makhleb
Nemelex Xobeh
Okawaru
Qazlal
Ru
Sif Muna
Trog
Uskayaw
Vehumet
Wu Jian
Xom
Yredelemnul
Zin
The Shining One
Beogh

Shops:
D:5 ?   D:8 (   D:15 }   Orc:1 =   Orc:2 :*(}   Vaults:2 =   Depths:5 *

Portals:
Hell: Depths:1 Depths:2 Depths:4 Depths:5
Abyss: Depths:1 Depths:4
Pandemonium: Depths:4 Depths:5
Trove: Elf:1 (give 9 potions of haste)

Annotations:
Lair:1 2 transporters, Taxzan's ghost, journeyman MiGl
Spider:4 1 exclusion

#.......#..............#
#####...#################..# #
#.......# ≈≈§§≈§### #..# ##
#.#..#.## ≈≈§§≈≈≈≈###..#####.
#.##...# ≈≈§▓§≈≈§≈##..##....
#..###.# §§≈≈§≈≈≈##..##....
##.###.### ≈≈≈≈§≈▓≈§#..##....
.........# ▓▓▓▓§§≈≈§#...#....
.........# ▓8gl.§...'..(.....
.....##..# ▓slw.§...'........
.....##..# ▓▓▓▓≈≈§§≈#........
.....##..# ≈≈§≈≈§▓§≈#........
.........# ≈≈§≈≈§≈≈§##........
.........# ≈§≈§▓≈§§≈≈##........
.....#...# §≈≈≈≈≈≈≈≈###........
.....#...# # ≈≈≈≈≈### #........
.....#...################........


You could see a friendly dart slug, a friendly leopard gecko, a friendly giant
cockroach, a friendly goblin and a friendly frilled lizard.


Message History

There is a staircase leading out of the dungeon here.
Unknown command.
You start waiting.
Your extra speed is starting to run out.
You feel yourself speed up.
You feel yourself slow down.
You start waiting.
You recover from your berserk rage.
You feel a little less mighty now.
Unknown command.
You feel yourself speed up.
You feel agile all of a sudden.
You feel very mighty all of a sudden.
You feel clever all of a sudden.
Casting: Statue Form (safe; 1% risk of failure)
Confirm with . or Enter, or press ? or * to list all spells.
Okay, then.
As you read the scroll of summoning, it crumbles to dust.
Wisps of shadow whirl around you...
As you read the scroll of summoning, it crumbles to dust.
Wisps of shadow whirl around you...
As you read the scroll of summoning, it crumbles to dust.
Wisps of shadow whirl around you...
The shadows disperse without effect.
As you read the scroll of summoning, it crumbles to dust.
Wisps of shadow whirl around you...
The shadows disperse without effect.
Really quaff
d - 2 potions of berserk rage {!q}?
A red film seems to cover your vision as you go berserk!
You feel yourself moving faster!
You feel mighty!
You feel a strong urge to attack something.
You have escaped!

Skill      XL: |  1  2  3  4  5  6  7  8  9 10 11 12 13 14 15 16 17 18 19 20 21 22 23 24 25 26 27 |
---------------+----------------------------------------------------------------------------------+-----
Stealth        | 6 7 12 16 27 | 27.0
Shields        | 1 3 7 12 13 15 22 | 22.4
Polearms       | 1 3 4 5 8 11 12 13 14 | 14.0
Armour         | 2 4 5 6 9 10 11 13 14 22 | 22.3
Fighting       | 5 6 10 12 13 15 27 | 27.0
Invocations    | 2 9 27 | 27.0
Dodging        | 3 5 6 8 9 10 11 13 14 22 | 22.3
Evocations     | 6 |  6.0
Spellcasting   | 2 3 5 9 10 17 | 17.3
Transmutations | 2 3 5 6 9 12 | 12.7
Poison Magic   | 3 4 7 8 9 |  9.8
Axes           | 3 8 11 14 16 27 | 27.0
Fire Magic     | 2 |  2.0
Conjurations   | 4 6 |  6.2
Air Magic      | 4 12 | 12.2
Charms         | 3 4 15 | 15.0
Necromancy     | 3 4 6 9 |  9.4
Translocations | 6 8 |  8.7
Earth Magic    | 9 12 | 12.7
Summonings     | 16 | 16.5
Hexes          | 17 | 17.1

Action                   |  1- 3 |  4- 6 |  7- 9 | 10-12 | 13-15 | 16-18 | 19-21 | 22-24 | 25-27 || total
-------------------------+-------+-------+-------+-------+-------+-------+-------+-------+-------++-------
Melee: Spear             |    72 |   185 |   432 |       |   629 |   137 |       |       |       ||  1455
       Trident           |       |       |   195 |  1336 |   522 |       |       |       |       ||  2053
       Constrict         |       |       |       |       |   159 |   279 |   258 |   218 |  2341 ||  3255
       Broad axe         |       |       |       |       |   449 |  1665 |  1699 |  1963 | 16753 || 22529
       Unarmed           |       |       |       |       |     1 |       |     6 |       |     3 ||    10
       Whip              |       |       |       |       |    27 |    24 |       |       |       ||    51
       Tailslap          |       |       |       |       |       |       |       |       |   644 ||   644
 Fire: Hunting sling     |       |     5 |     1 |       |       |       |       |       |       ||     6
       Blowgun           |       |       |     7 |     4 |       |       |       |       |       ||    11
Throw: Stone             |       |       |       |    23 |     3 |    10 |       |       |       ||    36
       Javelin           |       |       |       |       |    28 |    28 |     3 |       |    24 ||    83
 Cast: Spider Form       |       |       |       |     1 |     4 |     3 |     6 |     2 |     3 ||    19
       Sticks to Snakes  |       |       |       |       |    15 |       |       |       |       ||    15
       Mephitic Cloud    |       |       |       |       |       |    47 |    38 |    25 |    10 ||   120
       Ignite Poison     |       |       |       |       |       |     4 |     3 |     4 |     1 ||    12
       Regeneration      |       |       |       |       |       |     1 |    33 |    36 |    65 ||   135
       Venom Bolt        |       |       |       |       |       |       |     1 |       |       ||     1
       Animate Dead      |       |       |       |       |       |       |     5 |    28 |    57 ||    90
       Blink             |       |       |       |       |       |       |       |       |    31 ||    31
       Statue Form       |       |       |       |       |       |       |       |       |    50 ||    50
       Silence           |       |       |       |       |       |       |       |       |    17 ||    17
       Lesser Beckoning  |       |       |       |       |       |       |       |       |    10 ||    10
       Deflect Missiles  |       |       |       |       |       |       |       |       |     7 ||     7
       Shadow Creatures  |       |       |       |       |       |       |       |       |     7 ||     7
       Passage of Golubr |       |       |       |       |       |       |       |       |     4 ||     4
       Recall            |       |       |       |       |       |       |       |       |     1 ||     1
       Song of Slaying   |       |       |       |       |       |       |       |       |     1 ||     1
Invok: Heroism           |       |       |    13 |    18 |    14 |    15 |     5 |     9 |    13 ||    87
       Finesse           |       |       |       |     1 |     3 |     1 |     1 |     7 |    14 ||    27
       Cleansing Flame   |       |       |       |       |       |       |       |       |   351 ||   351
       Summon Divine War |       |       |       |       |       |       |       |       |    16 ||    16
       Recite            |       |       |       |       |       |       |       |       |     8 ||     8
       Vitalisation      |       |       |       |       |       |       |       |       |     6 ||     6
       Divine Shield     |       |       |       |       |       |       |       |       |     3 ||     3
       Donate Gold       |       |       |       |       |       |       |       |       |     2 ||     2
       Sanctuary         |       |       |       |       |       |       |       |       |     1 ||     1
       Brand Weapon With |       |       |       |       |       |       |       |       |     1 ||     1
 Abil: Spit Poison       |    14 |     9 |    24 |    68 |    14 |       |       |       |       ||   129
       End Transformatio |       |       |       |     1 |     3 |     2 |     3 |     2 |     3 ||    14
Evoke: Wand              |       |       |     4 |    28 |     4 |    16 |     1 |       |     8 ||    61
       Lamp of fire      |       |       |       |     1 |       |     1 |     1 |       |       ||     3
       Phantom mirror    |       |       |       |       |       |       |       |       |     1 ||     1
  Use: Potion            |       |     3 |     6 |       |     5 |     3 |       |     2 |    60 ||    79
       Scroll            |       |     2 |    11 |    17 |    12 |     9 |     9 |     8 |    99 ||   167
 Stab: Sleeping          |     3 |    10 |    11 |     9 |    21 |     9 |    17 |    12 |    58 ||   150
       Invisible         |       |       |     3 |       |     7 |       |       |       |     1 ||    11
       Paralysed         |       |       |       |    11 |       |       |       |       |     1 ||    12
       Confused          |       |       |       |     4 |       |    26 |    27 |    22 |    16 ||    95
       Distracted        |       |       |       |     1 |       |     2 |     5 |    13 |   102 ||   123
       Petrified         |       |       |       |       |     2 |       |       |       |       ||     2
       Held in net/web   |       |       |       |       |       |     1 |       |       |       ||     1
       Petrifying        |       |       |       |       |       |       |       |       |     2 ||     2
  Eat: Chunk             |       |     3 |    16 |    16 |    24 |    22 |    15 |    15 |    32 ||   143
       Ration            |       |     1 |       |     3 |     3 |     6 |     5 |     4 |    93 ||   115
Armor: Robe              |     9 |       |       |     2 |       |       |       |       |       ||    11
       Ring mail         |     8 |    30 |    97 |    69 |   173 |       |       |       |       ||   377
       Skin              |       |    16 |       |       |       |       |       |       |   329 ||   345
       Scale mail        |       |       |    36 |   172 |    97 |  1071 |   315 |   335 |  2495 ||  4521
       Troll leather arm |       |       |       |       |    89 |       |       |       |       ||    89
Dodge: Dodged            |    23 |    56 |   297 |   591 |   657 |  1665 |   456 |   589 |  7456 || 11790
       Deflected         |       |       |       |       |       |       |       |       |    63 ||    63
Block: Buckler           |    20 |    29 |   173 |   309 |   310 |   672 |       |       |       ||  1513
       Shield            |       |       |       |       |       |       |   286 |       |       ||   286
       Large shield      |       |       |       |       |       |       |   320 |  1075 | 16559 || 17954

Levels and vault maps discovered:
D:1:      lightli_molten_gateway, layout_rooms
D:2:      layout_basic, lemuel_crystal_altar, grunt_temple_overflow_diamond,
          yredelemnul_forgotten_temple_becter, nicolae_overflow_hidden_temple,
          serial_glass, glass_columns_b, glass_columns_b, glass_columns_a,
          glass_columns_a, glass_columns_a, glass_columns_b, glass_columns_a,
          glass_columns_a, glass_columns_a, glass_columns_a, first_ration,
          minmay_pentomino_t4, uniq_jessica
D:3:      layout_basic, biasface_ghost_orc_armoury, minmay_statues_item,
          uniq_grinder
D:4:      layout_basic, minmay_temple_entry_stoned_glass,
          uniq_crazy_yiuf_cottage, uniq_edmund, uniq_eustachio
D:5:      layout_cave_pools, serial_shops, shop, uniq_ijyb
D:6:      layout_basic, ashenzari_conservatory_becter, uniq_menkaure
D:7:      layout_basic, grunt_temple_overflow_gold_and_silver, kennysheep_mini,
          uniq_duvessa
D:8:      layout_rooms, special_room [special_room_orc], serial_shops, shop,
          uniq_maurice
D:9:      layout_rooms, kennysheep_little_box, hangedman_little_slice_of_home,
          nemelex_lonely_heart_becter
D:10:     layout_long_grid, david_lair_shrubbed
D:11:     layout_loops_ring, nicolae_dithmenos_shadow_blocks
D:12:     layout_roguey, orc_david_3
D:13:     layout_irregular_city, fedhas_altar_4
D:14:     layout_basic, skrybe_vaults_entry_preservation, moated_statue,
          minmay_between
D:15:     grunt_enter_depths_magical_seal, layout_irregular_city, serial_shops,
          nicolae_shop_window_shopping, hangedman_decor_clover_reticule,
          uniq_kirke, uniq_azrael, uniq_agnes
Temple:   jpeg_temple_clearing
Lair:1:   minmay_guarded_unrand_snakebite, layout_regular_city,
          gammafunk_ghost_wrathful_warriors, fungi_pond_lemuel
Lair:2:   layout_roguey, palyth_hydra_swamp_entry, basic_altar,
          minmay_shattered_shrine
Lair:3:   layout_roguey, enter_volcano_3, minmay_stone_trees_medium,
          minivault_29
Lair:4:   layout_loops_ring, spider_nest_entry_rubble
Lair:5:   layout_long_grid, ebering_ghost_funeral_grove, patterned_corridor,
          infiniplex_staircase_pool_2, lemuel_fruit_tree, grunt_megastairs_5
Lair:6:   grunt_lair_end_beastmaster, layout_concentric_octagons,
          nicolae_slime_entry_slimehenge, serial_bayou_pond_d, uniq_rupert
Swamp:1:  layout_basic_swamp, evilmike_swamp_ruin_rubble_1
Swamp:2:  layout_basic_swamp, evilmike_swamp_ruin_house_3, swamp_pool4,
          nicolae_swamp_fairy_circle
Swamp:3:  layout_falls_marsh, basic_altar, swamp_pool2, cheibrodos_swamp_kobolds
Swamp:4:  swamp, layout_basic_swamp
Spider:1: nicolae_spider_corner, uniq_nikola, uniq_asterion, uniq_jorgrun
Spider:2: layout_spider_delve
Spider:3: layout_spider_delve
Spider:4: grunt_spider_rune_circles, guppyfry_spider_mini_3
Slime:1:  layout_caves
Slime:2:  layout_caves
Slime:3:  layout_caves
Slime:4:  layout_caves
Slime:5
Orc:1:    layout_caves, basic_altar, biasface_ghost_orc_armoury, serial_shops,
          nicolae_shop_trees, uniq_fannar
Orc:2:    st_orc_rangers, layout_caves, gammafunk_ghost_necromancy,
          hangedman_minor_magic
Elf:1:    eino_elf_arrival_sip, layout_geoelf_octagon, enter_trove_0,
          minmay_elf_necromancy
Elf:2:    layout_geoelf_octagon, serial_shops, bzr_entry_lakeside, minivault_28
Elf:3:    minmay_elf_hall_hex, layout_onion_city,
          portal_ice_cave_entry_pillars_1, minivault_24,
          serial_sigils_hangedman_shear, nrook_loot_triangle
Vaults:1: vaults_mumra_hexcomb, v_misc_26, v_misc_9, v_alt_pattern_1,
          layout_vaults_omnigrid
Vaults:2: vaults_room_stairs_pillars, nicolae_vaults_mini_display_case,
          st_spiral_rooms, hangedman_vaults_nails,
          ontoclasm_vaults_claustrophobia, v_pattern_2,
          vaults_room_grunt_arrival_checkpoint, nicolae_vaults_little_squares_2,
          grunt_vaults_swirl, v_misc_11, layout_vaults_omnicross, serial_shops,
          shop
Vaults:3: minmay_crypt_entry_simple_corners, v_misc_10, st_cells,
          hangedman_vaults_locks, v_misc_13, vaults_room_corners,
          ontoclasm_vaults_decontamination, vaults_standard_mumra_lines,
          serial_ice_b, layout_vaults_chaotic_city, uniq_jory
Vaults:4: advil_vaults_ghost_guards, nicolae_vaults_stairing_the_circle,
          v_pattern_5, v_misc_5, vaults_mumra_minichess, ontoclasm_vaults_idyll,
          v_misc_18, v_misc_15, nicolae_vaults_network_star,
          vaults_mumra_chevron_long, nicolae_vaults_rhombus_7,
          vaults_dpeg_hooks, ontoclasm_vaults_pinch, layout_vaults_maze,
          uniq_saint_roka
Vaults:5: serial_shops
Crypt:1:  layout_catacombs
Crypt:2:  layout_misc_corridors, serial_sigils_hangedman_clutch, minivault_27,
          grunt_ministairs_9
Crypt:3:  due_elkab, layout_chaotic_city, tomb_entry_forgotten_bobbens
Tomb:1
Tomb:2
Tomb:3
Depths:1: layout_gridville, minmay_crystal_water, abyss_entry, hell_entry,
          kennysheep_crisscross, chequers_big_river, st_stairs_9,
          chequers_serial_rivers_small_a, eino_curves_03,
          chequers_serial_rivers_micro_b, minmay_liquid_box, kennysheep_donut,
          chequers_serial_rivers_small_a, nicolae_lava_and_water
Depths:2: minmay_inner_zag, layout_cave_pools, hangedman_glass_teeth, hell_entry
Depths:3: minmay_split_circle, layout_cave_shapes, pf_coc_iceberg,
          chequers_serial_rivers_room_b, grunt_pan_entry_spiral,
          nicolae_blasting_shop
Depths:4: minmay_the_grid_3x3 [minmay_the_grid_minigrid_large,
          minmay_the_grid_outer_diamond, minmay_the_grid_slots,
          minmay_the_grid_square_x, minmay_the_grid_expand,
          minmay_the_grid_rooms, minmay_the_grid_minigrid_small_alt,
          minmay_the_grid_small_cups, minmay_the_grid_prize_trominoes],
          layout_cave_shapes, enter_ziggurat_c, pan_entry, grunt_hell_horde,
          minmay_misc_feat_diagonals, serial_glass, glass_columns_a,
          glass_columns_a, abyss_entry, serial_sigils_hangedman_gut, uniq_boris,
          uniq_frederick
Depths:5: evilmike_zot_entry_gauntlet, layout_cave_pools, hell_entry,
          rand_demon_pan_entry_8, hangedman_decor_diamond_cutter,
          nicolae_elemental_shop
Hell
Dis:1:    layout_jigsaw
Dis:2:    layout_chaotic_city
Dis:3:    layout_jigsaw
Dis:6:    layout_overlapping_boxes
Dis:7:    iron_city_of_dis [dis_old, dis_wall_6], layout_chaotic_city
Geh:1:    grunt_deathspiral_small, layout_gehenna_lava_caves
Geh:2:    layout_gehenna_lava_caves
Geh:3:    layout_gehenna_lava_caves
Geh:5:    layout_gehenna_pools_basic, hangedman_elemental_corridor
Geh:6:    layout_gehenna_lava_caves, nicolae_geh_amphitheater
Geh:7:    geh_old
Coc:1:    layout_cocytus_water_paths
Coc:2:    layout_ice_bergs
Coc:3:    layout_cocytus_water_paths
Coc:4:    layout_cocytus_water_paths
Coc:5:    layout_ice_bergs
Coc:6:    layout_cocytus_water_paths
Coc:7:    coc_old
Tar:1:    layout_grid_maze
Tar:2:    layout_cathedral_of_symmetry
Tar:3:    layout_catacombs
Tar:4:    layout_grid_maze
Tar:5:    layout_grid_maze
Tar:6:    layout_honeycomb
Tar:7:    tar_grunt_cathedral
Zot:1:    layout_basic
Zot:2:    minmay_elemental_castle, layout_onion_interference,
          grunt_ministairs_10
Zot:3:    layout_basic
Zot:4:    layout_gridlike, uniq_tiamat
Zot:5:    layout_misc_corridors, ebering_ghost_reflecting_pool
Abyss:1
Abyss:2
Abyss:3:  evilmike_abyss_exit_7
Abyss:4:  evilmike_abyss_exit_6, hangedman_abyss_shoalhut, abyss_exit_lava
Abyss:5:  evilmike_abyss_exit_2
Pan:      evilmike_mini_pan_3x3, layout_gridville, pan_blood_fountain,
          pan_blood_fountain_small
Zig:1
Zig:2
Zig:3
Zig:4
Zig:5
Zig:6
Zig:7
Zig:8
Zig:9
Zig:10
Zig:11:   ziggurat_pillar_centre_c, ziggurat_pillar_centre_c,
          ziggurat_pillar_centre_c, ziggurat_pillar_centre_c
Zig:12
Bazaar:   bazaar_kb_twisted_cavern
IceCv:    ice_cave_tombish
Volcano:  volcano_bunker

Notes
Turn   | Place    | Note
-------+----------+-------------------------------------------
     0 | D:1      | Melkor the Naga Wanderer began the quest for the Orb.
     0 | D:1      | Melkor set off with the following items: a +2 spear, a
                  | potion of lignification, a potion of curing, a +0 robe, a
                  | +0 dagger, a ration
     0 | D:1      | Reached XP level 1. HP: 22/22 MP: 1/1
   127 | D:1      | Reached skill level 6 in Stealth
   266 | D:1      | Reached XP level 2. HP: 30/30 MP: 2/2
   462 | D:1      | Reached skill level 1 in Shields
   465 | D:1      | Reached XP level 3. HP: 20/36 MP: 3/3
   633 | D:2      | Found a deep blue altar of Sif Muna.
   831 | D:2      | Reached skill level 1 in Polearms
   863 | D:2      | Noticed Jessica
   871 | D:2      | Killed Jessica
   871 | D:2      | Reached XP level 4. HP: 44/44 MP: 4/4
   881 | D:2      | Found a sacrificial altar of Ru.
   994 | D:2      | Found a basalt altar of Yredelemnul.
  1200 | D:2      | Found an iron altar of Okawaru.
  1203 | D:2      | Found a stormy altar of Qazlal.
  1207 | D:2      | Became a worshipper of Warmaster Okawaru
  1213 | D:2      | Found a radiant altar of Vehumet.
  1354 | D:2      | Reached skill level 2 in Polearms
  1354 | D:2      | Reached skill level 2 in Shields
  1664 | D:3      | Found a runed translucent gate.
  1665 | D:3      | Found a runed translucent gate.
  1666 | D:3      | Found a runed translucent gate.
  1666 | D:3      | Identified the +1 ring mail of Devotion {Int+6}
  1666 | D:3      | Noticed jujuben's ghost (amateur KoGl)
  1734 | D:3      | Found a roughly hewn altar of Beogh.
  1865 | D:3      | Noticed Grinder
  1878 | D:3      | Paralysed by Grinder for 6 turns
  1908 | D:3      | Paralysed by Grinder for 2 turns
  1920 | D:3      | Paralysed by Grinder for 6 turns
  1939 | D:3      | Paralysed by Grinder for 5 turns
  1948 | D:3      | Killed Grinder
  1948 | D:3      | Reached skill level 3 in Polearms
  1948 | D:3      | Reached skill level 7 in Stealth
  1948 | D:3      | Reached skill level 3 in Shields
  1948 | D:3      | Reached XP level 5. HP: 41/50 MP: 5/5
  1948 | D:3      | Reached XP level 6. HP: 46/57 MP: 6/6
  2525 | D:3      | Reached * piety under Okawaru
  2542 | D:4      | Reached skill level 4 in Polearms
  2730 | D:3      | Reached XP level 7. HP: 64/64 MP: 7/7
  2742 | D:3      | Reached skill level 1 in Armour
  2792 | D:3      | Killed jujuben's ghost
  2953 | D:4      | Noticed Eustachio
  2998 | D:3      | Killed Eustachio
  2998 | D:3      | Reached skill level 5 in Polearms
  3191 | D:4      | Noticed Edmund
  3195 | D:4      | Reached skill level 5 in Fighting
  3195 | D:4      | Reached skill level 2 in Armour
  3198 | D:4      | Reached ** piety under Okawaru
  3198 | D:4      | Reached XP level 8. HP: 74/74 MP: 5/8
  3213 | D:4      | Killed Edmund
  3221 | D:4      | Found a staircase to the Ecumenical Temple.
  3255 | Temple   | Entered the Ecumenical Temple
  3545 | D:4      | Found a runed translucent door.
  3546 | D:4      | Noticed Crazy Yiuf
  3626 | D:4      | Killed Crazy Yiuf
  3713 | D:4      | Reached skill level 6 in Polearms
  3906 | D:5      | Entered Level 5 of the Dungeon
  4062 | D:5      | You fall through a shaft!
  4072 | D:6      | Reached skill level 1 in Invocations
  4253 | D:6      | Reached skill level 7 in Polearms
  4276 | D:6      | Reached skill level 2 in Invocations
  4511 | D:5      | Found Nulo's Magic Scroll Shoppe.
  4532 | D:5      | Bought a scroll of teleportation for 42 gold pieces
  4532 | D:5      | Bought a scroll of identify for 28 gold pieces
  4532 | D:5      | Bought a scroll of identify for 28 gold pieces
  4532 | D:5      | Bought a scroll of identify for 28 gold pieces
  4572 | D:5      | Noticed Ijyb
  4737 | D:5      | Killed Ijyb
  4792 | D:5      | Reached skill level 8 in Polearms
  4841 | D:5      | Reached XP level 9. HP: 57/81 MP: 10/10
  5359 | D:6      | Reached skill level 9 in Polearms
  5499 | D:6      | Noticed Menkaure
  5522 | D:6      | Killed Menkaure
  5636 | D:6      | Found a shattered altar of Ashenzari.
  5672 | D:6      | Reached *** piety under Okawaru
  6184 | D:7      | Found a shimmering altar of Xom.
  6340 | D:7      | Reached skill level 10 in Polearms
  6496 | D:7      | Found a glowing silver altar of Zin.
  6496 | D:7      | Found an opulent altar of Gozag.
  6580 | D:7      | Noticed Duvessa
  6582 | D:7      | Noticed Dowan
  6597 | D:7      | Killed Duvessa
  6599 | D:7      | Killed Dowan
  6879 | D:7      | Reached skill level 11 in Polearms
  7117 | D:8      | Reached XP level 10. HP: 88/88 MP: 11/11
  7120 | D:8      | Found a roughly hewn altar of Beogh.
  7974 | D:8      | Noticed Maurice
  7975 | D:8      | Found Zeufuj's Weapon Emporium.
  7994 | D:8      | Killed Maurice
  7994 | D:8      | Reached **** piety under Okawaru
  7994 | D:8      | Reached skill level 12 in Polearms
  8147 | D:8      | Identified a scroll of acquirement
  8149 | D:8      | Got an ancient demon whip
  8150 | D:8      | Identified the +4 demon whip of Yqaed {pain, rPois MR+
                  | Str-4 Stlth+} (You acquired it on level 8 of the Dungeon)
  8714 | D:9      | Reached skill level 3 in Armour
  8942 | D:9      | Found a sparkling altar of Nemelex Xobeh.
  8952 | D:9      | Reached skill level 2 in Dodging
  9007 | D:9      | Found a blossoming altar of Fedhas.
  9195 | D:9      | Noticed a two-headed ogre
  9205 | D:9      | Killed a two-headed ogre
  9205 | D:9      | Reached skill level 4 in Armour
  9205 | D:9      | Reached skill level 3 in Dodging
  9250 | D:9      | Reached ***** piety under Okawaru
  9408 | D:9      | Reached XP level 11. HP: 90/96 MP: 9/12
  9536 | D:9      | Reached skill level 4 in Dodging
  9737 | D:10     | Entered Level 10 of the Dungeon
  9793 | D:10     | Found a staircase to the Lair.
  9841 | D:10     | Reached skill level 5 in Armour
 10263 | D:10     | Reached skill level 5 in Dodging
 10726 | D:10     | Learned a level 3 spell: Spider Form
 10727 | Lair:1   | Entered Level 1 of the Lair of Beasts
 10761 | Lair:1   | Received a gift from Okawaru
 10826 | Lair:1   | Identified the +6 spear of the Enemy {antimagic, rPois
                  | Int+2 Stlth+}
 10826 | Lair:1   | Noticed a spriggan rider
 10829 | Lair:1   | Noticed Taxzan's ghost (journeyman MiGl)
 10829 | Lair:1   | Identified the +8 trident of Incongruity {antimagic, +Fly
                  | rC+ Str+4 Dex-5}
 10829 | Lair:1   | Noticed a spriggan rider
 10837 | Lair:1   | Found a transporter.
 10839 | Lair:1   | Found a bloodstained altar of Trog.
 10853 | Lair:1   | Found a transporter.
 10856 | Lair:1   | Noticed a moth of wrath
 11097 | Lair:1   | Noticed a four-headed hydra
 11141 | Lair:1   | Reached skill level 2 in Evocations
 11574 | Lair:2   | Reached skill level 3 in Evocations
 11585 | Lair:2   | Reached skill level 6 in Fighting
 11651 | Lair:2   | Found a glowing silver altar of Zin.
 11681 | Lair:2   | Reached skill level 4 in Evocations
 11787 | Lair:2   | Reached skill level 5 in Evocations
 12035 | Lair:2   | Noticed a death yak
 12095 | Lair:2   | Noticed a five-headed hydra
 12095 | Lair:2   | Noticed a death yak
 12221 | Lair:2   | Noticed an eight-headed hydra
 12224 | Lair:2   | Reached skill level 6 in Evocations
 12225 | Lair:2   | Noticed a six-headed hydra
 12226 | Lair:2   | Killed an eight-headed hydra
 12226 | Lair:2   | Reached skill level 1 in Spellcasting
 12226 | Lair:2   | Reached skill level 1 in Transmutations
 12226 | Lair:2   | Reached skill level 1 in Poison Magic
 12228 | Lair:2   | Reached skill level 2 in Poison Magic
 12723 | Lair:1   | Reached skill level 2 in Transmutations
 12732 | Lair:1   | Reached skill level 2 in Spellcasting
 12732 | Lair:1   | Reached skill level 3 in Poison Magic
 12732 | Lair:1   | Reached XP level 12. HP: 91/105 MP: 16/16
 12886 | Lair:1   | You fall through a shaft!
 12886 | Lair:2   | Found a staircase to the Swamp.
 13037 | Lair:3   | Reached skill level 3 in Transmutations
 13037 | Lair:3   | Reached skill level 4 in Poison Magic
 13105 | Lair:3   | Reached skill level 3 in Spellcasting
 13201 | Lair:3   | Reached skill level 3 in Invocations
 13379 | Lair:3   | Received a gift from Okawaru
 13438 | Lair:3   | Reached skill level 4 in Invocations
 13455 | Lair:3   | Found a dark tunnel.
 13503 | Lair:3   | Reached skill level 5 in Invocations
 13506 | Volcano  | Entered a volcano
 13746 | Volcano  | Reached skill level 6 in Invocations
 13896 | Volcano  | Received a gift from Okawaru
 13896 | Volcano  | Reached skill level 7 in Invocations
 13899 | Volcano  | Got a bloodstained naga barding {god gift}
 13905 | Volcano  | Identified the +4 naga barding of Atitadeg {Str+4} (Okawaru
                  | gifted it to you in a volcano)
 14105 | Volcano  | Reached skill level 8 in Invocations
 14197 | Volcano  | Reached skill level 9 in Invocations
 14221 | Volcano  | Reached skill level 13 in Polearms
 14380 | Lair:3   | Noticed a queen ant
 14403 | Lair:3   | Killed a queen ant
 14840 | Lair:3   | Gained mutation: You can use your snake-like lower body to
                  | constrict enemies. [Naga growth]
 14840 | Lair:3   | Reached XP level 13. HP: 102/111 MP: 19/19
 15558 | Lair:4   | Reached skill level 14 in Polearms
 15860 | Lair:4   | Reached skill level 7 in Fighting
 16285 | Lair:4   | Reached skill level 8 in Fighting
 16595 | Lair:4   | Found a hole to the Spider Nest.
 17172 | Lair:2   | Reached skill level 9 in Fighting
 17381 | Lair:2   | Reached ****** piety under Okawaru
 17381 | Lair:2   | Received a gift from Okawaru
 17732 | Lair:5   | Reached skill level 10 in Fighting
 17826 | Lair:5   | Found a runed translucent door.
 17829 | Lair:5   | Noticed Melum's ghost (journeyman HOMo)
 17830 | Lair:5   | Identified the cursed +0 spear of Ragnarok {elec, +Rage
                  | Int+6 Dex-3 Stlth+}
 18023 | Lair:5   | Learned a level 2 spell: Sticks to Snakes
 18815 | Lair:5   | Gained mutation: You are covered in fur. (AC +1) [potion of
                  | mutation]
 18815 | Lair:5   | Gained mutation: You are partially covered in molten
                  | scales. (AC +2) [potion of mutation]
 18951 | Lair:5   | Killed Melum's ghost
 18951 | Lair:5   | Reached skill level 6 in Armour
 19030 | Lair:5   | Received a gift from Okawaru
 19033 | Lair:5   | Got an encrusted large shield {god gift}
 19044 | Lair:5   | Identified the +0 large shield of Light {rN+ Str+2}
                  | (Okawaru gifted it to you on level 5 of the Lair of Beasts)
 19159 | Lair:5   | Reached skill level 6 in Dodging
 19429 | Lair:5   | Reached XP level 14. HP: 110/132 MP: 20/20
 19929 | Lair:6   | Entered Level 6 of the Lair of Beasts
 19947 | Lair:6   | Reached skill level 7 in Armour
 19990 | Lair:6   | Noticed Rupert
 20033 | Lair:6   | Killed Rupert
 20033 | Lair:6   | Reached skill level 7 in Dodging
 20392 | Lair:6   | Received a gift from Okawaru
 20428 | Lair:6   | Reached skill level 8 in Armour
 20431 | Lair:6   | Got a jewelled troll leather armour {god gift}
 20432 | Lair:6   | Identified the +3 troll leather armour of the Blue Moon
                  | {MR+ Regen+ Str+2} (Okawaru gifted it to you on level 6 of
                  | the Lair of Beasts)
 20566 | Lair:6   | Reached skill level 8 in Dodging
 20722 | Lair:6   | Found a staircase to the Slime Pits.
 21076 | Lair:6   | Reached skill level 9 in Armour
 21080 | Lair:6   | Found the +8 mithril axe "Arga" {speed, MR+}
 21153 | Lair:6   | Reached skill level 1 in Axes
 21514 | D:10     | Learned a level 3 spell: Ignite Poison
 21567 | D:11     | Reached skill level 2 in Axes
 21581 | D:11     | Reached skill level 3 in Axes
 21595 | D:11     | Reached XP level 15. HP: 119/138 MP: 21/21
 22001 | Lair:1   | Reached skill level 4 in Axes
 22168 | Lair:1   | Found the +8 whip "Snakebite" {curare, rPois}
 22411 | D:11     | Reached skill level 5 in Axes
 22442 | D:11     | Found a shadowy altar of Dithmenos.
 23349 | D:12     | Found a staircase to the Orcish Mines.
 23353 | D:12     | Reached skill level 6 in Axes
 23447 | D:12     | Received a gift from Okawaru
 23500 | D:12     | Got a faintly glowing scale mail
 23512 | D:12     | Identified the +6 scale mail of Defence {*Drain rF+ rC+}
                  | (You found it on level 12 of the Dungeon)
 23818 | D:13     | Reached skill level 7 in Axes
 24532 | D:13     | Found a blossoming altar of Fedhas.
 25285 | D:14     | Reached skill level 5 in Poison Magic
 25286 | D:14     | Found a gate to the Vaults.
 25459 | D:14     | Received a gift from Okawaru
 25614 | D:14     | Reached skill level 4 in Transmutations
 25732 | D:15     | Entered Level 15 of the Dungeon
 25743 | D:15     | Reached skill level 8 in Axes
 25755 | D:15     | Noticed Kirke
 25769 | D:15     | Killed Kirke
 25867 | D:15     | Reached skill level 4 in Spellcasting
 25870 | D:15     | Noticed Azrael
 25893 | D:15     | Killed Azrael
 25896 | D:15     | Reached skill level 6 in Poison Magic
 26135 | D:15     | Reached skill level 5 in Transmutations
 26469 | D:15     | Found Ynaur's Gadget Shop.
 26483 | D:15     | Noticed Agnes
 26495 | D:15     | Killed Agnes
 26495 | D:15     | Reached skill level 7 in Poison Magic
 26571 | D:15     | Found a staircase to the Depths.
 26576 | D:15     | Reached skill level 5 in Spellcasting
 26589 | D:15     | Reached XP level 16. HP: 133/146 MP: 23/23
 26596 | D:15     | Reached skill level 9 in Axes
 26807 | Orc:1    | Entered Level 1 of the Orcish Mines
 26810 | Orc:1    | Noticed Fannar
 26837 | Orc:1    | Killed Fannar
 26837 | Orc:1    | Reached skill level 6 in Transmutations
 26859 | D:12     | Reached skill level 8 in Poison Magic
 27077 | Orc:1    | Found a runed translucent gate.
 27078 | Orc:1    | Found a runed translucent gate.
 27079 | Orc:1    | Found a runed translucent gate.
 27079 | Orc:1    | Noticed mhtbhm's ghost (journeyman MiBe)
 27152 | Orc:1    | Received a gift from Okawaru
 27207 | Orc:1    | Found a roughly hewn altar of Beogh.
 27208 | Orc:1    | Identified the amulet "Ereesock" {Gourm rF+ rC+ Int-5}
 27208 | Orc:1    | Identified the cursed +0 plate armour of Lov Anoi {rC+}
 27210 | Orc:1    | Identified the +10 long sword of Distreuh {drain, rC+ MR++
                  | Int-3}
 27240 | Orc:1    | Found a roughly hewn altar of Beogh.
 27268 | Orc:1    | Killed mhtbhm's ghost
 28026 | Orc:1    | Found Tuane's Jewellery Shop.
 28031 | Orc:1    | Bought the ring of the Peculiar Cities {rF+ rC+ MP+9} for
                  | 694 gold pieces
 28095 | Orc:2    | Entered Level 2 of the Orcish Mines
 28100 | Orc:2    | Reached skill level 1 in Fire Magic
 28340 | Orc:2    | Identified the +2 hat "Haiv" {rF+} (You found it on level 2
                  | of the Orcish Mines)
 28359 | Orc:2    | Reached skill level 2 in Fire Magic
 28367 | Orc:2    | Learned a level 3 spell: Mephitic Cloud
 28509 | Orc:2    | Reached skill level 10 in Axes
 28892 | Orc:2    | Reached skill level 1 in Conjurations
 28896 | Orc:2    | Reached skill level 1 in Air Magic
 29027 | Orc:2    | Found Vovuoz's Weapon Emporium.
 29027 | Orc:2    | Found Kicod's Assorted Antiques.
 29029 | Orc:2    | Found Damostr Mafa's Book Shop.
 29031 | Orc:2    | Found Memeylu's Gadget Shoppe.
 29038 | Orc:2    | Bought a book of Necromancy for 420 gold pieces
 29044 | Orc:2    | Learned a level 3 spell: Regeneration
 29059 | Orc:2    | Bought a wand of clouds (1) for 195 gold pieces
 29148 | Orc:2    | Found a staircase to the Elven Halls.
 29319 | Orc:2    | Found a runed translucent gate.
 29319 | Orc:2    | Found a runed translucent gate.
 29320 | Orc:2    | Found a runed translucent gate.
 29324 | Orc:2    | Noticed Smashy's ghost (journeyman SpEn)
 29367 | Orc:2    | Killed Smashy's ghost
 29803 | Spider:1 | Entered Level 1 of the Spider Nest
 29808 | Spider:1 | Reached skill level 2 in Conjurations
 29808 | Spider:1 | Reached skill level 2 in Air Magic
 30132 | Spider:1 | Noticed Jorgrun
 30222 | Lair:4   | Killed Jorgrun
 30222 | Lair:4   | Received a gift from Okawaru
 30319 | Spider:1 | Noticed Asterion
 30513 | Lair:4   | Killed Asterion
 30513 | Lair:4   | Reached skill level 11 in Axes
 30513 | Lair:4   | Reached skill level 3 in Conjurations
 30513 | Lair:4   | Reached skill level 3 in Air Magic
 31229 | Spider:1 | Reached skill level 4 in Air Magic
 31229 | Spider:1 | Reached skill level 4 in Conjurations
 31242 | Spider:1 | Identified the +2 pair of gloves of Jigewuoc {rElec MR+
                  | Str-5}
 31242 | Spider:1 | Noticed Nikola
 31318 | Spider:1 | Received a gift from Okawaru
 31323 | Spider:1 | Reached XP level 17. HP: 80/153 MP: 7/25
 31745 | Spider:1 | Killed Nikola
 31745 | Spider:1 | Reached skill level 12 in Axes
 32576 | Spider:1 | Reached skill level 13 in Axes
 33193 | Spider:2 | Learned a level 5 spell: Venom Bolt
 33340 | Spider:3 | Received a gift from Okawaru
 33849 | Spider:3 | Reached skill level 14 in Axes
 34095 | Spider:4 | Entered Level 4 of the Spider Nest
 34177 | Spider:4 | Reached skill level 1 in Charms
 34177 | Spider:4 | Reached skill level 1 in Necromancy
 34497 | Spider:4 | Reached skill level 2 in Charms
 34501 | Spider:4 | Reached skill level 2 in Necromancy
 34502 | Spider:4 | Received a gift from Okawaru
 34503 | Spider:4 | Found the +6 arbalest "Damnation" {damnation}
 34893 | Spider:4 | Reached skill level 3 in Charms
 34893 | Spider:4 | Reached skill level 3 in Necromancy
 34893 | Spider:4 | Reached XP level 18. HP: 160/160 MP: 26/26
 35100 | Spider:4 | Reached skill level 15 in Axes
 35117 | Spider:4 | Received a gift from Okawaru
 35459 | Spider:4 | Got a gossamer rune of Zot
 35671 | Swamp:1  | Entered Level 1 of the Swamp
 35767 | Swamp:1  | Reached skill level 4 in Charms
 35795 | Swamp:1  | Reached skill level 4 in Necromancy
 37430 | Swamp:2  | Reached skill level 16 in Axes
 38288 | Swamp:3  | Found a sacrificial altar of Ru.
 38654 | Swamp:3  | Reached skill level 4 in Shields
 38941 | Swamp:4  | Entered Level 4 of the Swamp
 39115 | Swamp:4  | Received a gift from Okawaru
 39132 | Swamp:4  | Reached skill level 5 in Shields
 39342 | Swamp:4  | Reached skill level 6 in Shields
 39847 | Swamp:4  | Got a decaying rune of Zot
 40116 | Swamp:4  | Reached skill level 7 in Shields
 40215 | Swamp:4  | Reached XP level 19. HP: 147/168 MP: 27/27
 40721 | Elf:1    | Entered Level 1 of the Elven Halls
 40840 | Elf:1    | Found a portal to a secret trove of treasure.
 41075 | Elf:1    | Received a gift from Okawaru
 41143 | Elf:1    | Reached skill level 8 in Shields
 41316 | Elf:1    | Identified the Tome of Evil Secrets
 41523 | Elf:2    | Reached skill level 9 in Shields
 41711 | Elf:2    | Found a flickering gateway to a bazaar.
 41737 | Bazaar   | Entered a bazaar
 41926 | Bazaar   | Found Zoenaapn's General Store.
 42022 | Bazaar   | Found Zantelust's Book Shoppe.
 42032 | Bazaar   | Found Deag's Armour Shoppe.
 42041 | Bazaar   | Found Kamar's Weapon Shop.
 42098 | Elf:2    | Reached skill level 10 in Shields
 42544 | Elf:2    | Found a runed translucent gate.
 42544 | Elf:2    | Found a runed translucent gate.
 42544 | Elf:2    | Found a runed translucent gate.
 42603 | Elf:2    | Received a gift from Okawaru
 42715 | Elf:2    | Reached skill level 11 in Shields
 43118 | Elf:3    | Entered Level 3 of the Elven Halls
 43193 | Elf:3    | Found a frozen archway.
 43202 | IceCv    | Entered an ice cave
 43565 | IceCv    | Identified the +9 plate armour of Conscience {rPois Dex+3
                  | Slay+2} (You found it in an ice cave)
 43687 | IceCv    | Reached skill level 12 in Shields
 43878 | Elf:3    | Reached XP level 20. HP: 176/176 MP: 28/28
 43933 | Elf:3    | Reached skill level 6 in Spellcasting
 44714 | Elf:3    | Reached skill level 7 in Spellcasting
 44729 | Elf:3    | Noticed a Brimstone Fiend
 44879 | Elf:3    | Received a gift from Okawaru
 44921 | Elf:3    | Identified the +5 mace of Abonuare {antimagic, rN+ Str+4}
 44978 | Elf:3    | Reached skill level 11 in Fighting
 45035 | Elf:3    | Identified the +0 crystal plate armour "Qunkudor" {Stlth+}
 45056 | Elf:3    | Identified the +1 scale mail "Roexo" {Int+4}
 45103 | Elf:3    | Reached skill level 8 in Spellcasting
 45219 | Elf:3    | Identified the ring "Tosaasuube" {Wiz rPois Str+5}
 45282 | Elf:3    | Received a gift from Okawaru
 45474 | Elf:3    | Identified the +8 chain mail of Infinity {SInv}
 45627 | Elf:3    | Identified the Handbook of Air and Black Rituals
 45640 | Elf:3    | Identified Sif Muna's Incunabulum of the Glacier
 45645 | Elf:3    | Reached skill level 12 in Fighting
 45753 | Elf:3    | Reached skill level 9 in Spellcasting
 45807 | Elf:3    | Identified the +3 plate armour "Hadijum" {Int+4} (You found
                  | it on level 3 of the Elven Halls)
 45896 | Elf:3    | Learned a level 4 spell: Animate Dead
 46330 | Vaults:1 | Entered Level 1 of the Vaults
 46377 | Vaults:1 | Received a gift from Okawaru
 46382 | Vaults:1 | Reached skill level 5 in Necromancy
 47122 | Vaults:1 | Reached skill level 9 in Dodging
 47744 | Vaults:1 | Reached skill level 6 in Necromancy
 47854 | Vaults:2 | Found Vaaroraol's Jewellery Boutique.
 47870 | Vaults:2 | Bought the amulet of Equivalence {Acrobat rN++ Dex+3} for
                  | 1076 gold pieces
 47897 | Vaults:2 | Reached XP level 21. HP: 192/192 MP: 34/34
 48338 | Vaults:2 | Reached skill level 7 in Necromancy
 48349 | Vaults:2 | Received a gift from Okawaru
 48730 | Vaults:2 | Reached skill level 8 in Necromancy
 49302 | Vaults:3 | Reached skill level 13 in Shields
 49476 | Vaults:3 | Reached skill level 9 in Necromancy
 49816 | Vaults:3 | Found a staircase to the Crypt.
 49839 | Vaults:3 | Reached skill level 10 in Armour
 49987 | Vaults:3 | Reached skill level 10 in Dodging
 50031 | Vaults:3 | Received a gift from Okawaru
 50092 | Vaults:3 | Noticed Jory
 50120 | Vaults:3 | Reached XP level 22. HP: 177/200 MP: 26/35
 50133 | Vaults:3 | Killed Jory
 50743 | Vaults:3 | Received a gift from Okawaru
 50751 | Vaults:3 | Reached skill level 14 in Shields
 51537 | Vaults:4 | Found a large runed translucent door.
 51537 | Vaults:4 | Found a large runed translucent door.
 51537 | Vaults:4 | Noticed Ukiefoc's ghost (adept DrFE)
 51669 | Vaults:4 | Killed Ukiefoc's ghost
 51878 | Vaults:4 | Reached skill level 11 in Armour
 51922 | Vaults:4 | Reached skill level 11 in Dodging
 51926 | Vaults:4 | Received a gift from Okawaru
 52092 | Vaults:4 | Noticed Saint Roka
 52128 | Vaults:4 | Killed Saint Roka
 52480 | Vaults:4 | Reached skill level 15 in Shields
 52559 | Vaults:4 | Reached XP level 23. HP: 207/207 MP: 36/36
 53058 | Vaults:5 | Entered Level 5 of the Vaults
 53062 | Vaults:5 | Noticed a golden dragon
 53064 | Vaults:5 | Noticed a golden dragon
 53065 | Vaults:5 | Received a gift from Okawaru
 53188 | Vaults:5 | Got a silver rune of Zot
 53296 | Vaults:5 | Reached skill level 12 in Armour
 53303 | Vaults:5 | Reached skill level 12 in Dodging
 53362 | Vaults:5 | Noticed a golden dragon
 53458 | Vaults:5 | Killed a golden dragon
 53555 | Vaults:5 | Received a gift from Okawaru
 53584 | Vaults:5 | Killed a golden dragon
 53659 | Vaults:5 | Killed a golden dragon
 53736 | Vaults:5 | Reached skill level 13 in Armour
 53759 | Vaults:5 | Reached skill level 13 in Dodging
 53780 | Vaults:5 | Received a gift from Okawaru
 53865 | Vaults:5 | Identified the +4 short sword "Z" {drain, Dex+5}
 53876 | Vaults:5 | Noticed a golden dragon
 53899 | Vaults:5 | Killed a golden dragon
 53905 | Vaults:5 | Reached XP level 24. HP: 127/214 MP: 18/36
 54431 | Vaults:5 | Noticed an ancient lich
 54449 | Vaults:5 | Killed an ancient lich
 54449 | Vaults:5 | Reached skill level 14 in Armour
 54469 | Vaults:5 | Reached skill level 14 in Dodging
 54510 | Vaults:5 | Identified the cursed +0 falchion of the Magi {freeze, rF++
                  | rN+ Int-2}
 54932 | Vaults:5 | Identified the Guide on Protection and Clay
 55401 | Depths:1 | Entered Level 1 of the Depths
 55405 | Depths:1 | Learned a level 2 spell: Blink
 56010 | Depths:1 | Received a gift from Okawaru
 56010 | Depths:1 | Reached skill level 1 in Translocations
 56016 | Depths:1 | Reached skill level 8 in Stealth
 56120 | Depths:1 | Reached skill level 2 in Translocations
 56135 | Depths:1 | You fall through a shaft!
 56184 | Depths:2 | Reached skill level 9 in Stealth
 56208 | Depths:2 | Reached skill level 3 in Translocations
 56572 | Depths:2 | Found a gateway to Hell.
 56766 | Depths:1 | Found a one-way gate to the infinite horrors of the Abyss.
 56818 | Depths:1 | Reached skill level 10 in Stealth
 56824 | Depths:1 | Reached skill level 4 in Translocations
 56928 | Depths:1 | Reached skill level 13 in Fighting
 57547 | Depths:2 | Received a gift from Okawaru
 57949 | Depths:4 | Found a one-way gate leading to the halls of Pandemonium.
 57965 | Depths:4 | Reached skill level 5 in Translocations
 57965 | Depths:4 | Noticed Boris
 57971 | Depths:4 | Reached skill level 11 in Stealth
 58000 | Depths:4 | Killed Boris
 58051 | Depths:4 | Noticed Frederick
 58077 | Depths:4 | Noticed a caustic shrike
 58093 | Depths:4 | Killed a caustic shrike
 58093 | Depths:4 | Reached skill level 12 in Stealth
 58093 | Depths:4 | Reached skill level 6 in Translocations
 58093 | Depths:4 | Reached XP level 25. HP: 182/225 MP: 26/36
 58175 | Depths:4 | Found a gateway to a ziggurat.
 58258 | Depths:4 | Paralysed by a floating eye for 2 turns
 58325 | Depths:4 | Reached skill level 7 in Translocations
 58357 | Depths:4 | Paralysed by a floating eye for 2 turns
 58360 | Depths:4 | Reached skill level 13 in Stealth
 58450 | Depths:4 | Reached skill level 14 in Fighting
 58551 | Depths:4 | Killed Frederick
 58554 | Depths:4 | Noticed a juggernaut
 58567 | Depths:4 | Received a gift from Okawaru
 58602 | Depths:4 | Killed a juggernaut
 58602 | Depths:4 | Reached skill level 8 in Translocations
 58701 | Depths:4 | Reached skill level 14 in Stealth
 59003 | Depths:4 | Noticed a juggernaut
 59047 | Depths:4 | Killed a juggernaut
 59047 | Depths:4 | Reached skill level 15 in Stealth
 59054 | Depths:4 | Received a gift from Okawaru
 59168 | Depths:4 | Reached skill level 15 in Fighting
 59444 | Depths:4 | Found the +7 sceptre of Torment {pain, torment}
 59677 | Depths:5 | Entered Level 5 of the Depths
 59678 | Depths:5 | Found Pimuir Xiwu's Elemental Accessories.
 59729 | Depths:5 | Reached skill level 16 in Stealth
 59791 | Depths:5 | Learned a level 3 spell: Lesser Beckoning
 59796 | Depths:5 | Learned a level 4 spell: Passage of Golubria
 60123 | Depths:5 | Reached XP level 26. HP: 226/242 MP: 36/36
 60222 | Depths:5 | Reached skill level 5 in Conjurations
 60301 | Depths:5 | Reached skill level 9 in Poison Magic
 60370 | Depths:5 | Found a gate to the Realm of Zot.
 60480 | Depths:5 | Noticed a juggernaut
 60504 | Depths:5 | Killed a juggernaut
 60504 | Depths:5 | Received a gift from Okawaru
 60992 | Crypt:1  | Entered Level 1 of the Crypt
 61020 | Crypt:1  | Reached skill level 6 in Conjurations
 61090 | Crypt:1  | Learned a level 2 spell: Swiftness
 61106 | Crypt:1  | Learned a level 6 spell: Statue Form
 61161 | Crypt:1  | Reached skill level 1 in Earth Magic
 61240 | Crypt:1  | Reached skill level 2 in Earth Magic
 61336 | Crypt:1  | Reached skill level 3 in Earth Magic
 61457 | Crypt:1  | Reached skill level 4 in Earth Magic
 62225 | Crypt:2  | Reached skill level 5 in Earth Magic
 62251 | Crypt:2  | Received a gift from Okawaru
 62266 | Crypt:2  | Identified the +0 large shield of Liberty {Str+5 SInv}
                  | (Okawaru gifted it to you on level 2 of the Crypt)
 62335 | Crypt:2  | Reached skill level 6 in Earth Magic
 62501 | Crypt:2  | Noticed Boris
 62520 | Crypt:2  | Killed Boris
 62585 | Crypt:2  | Reached skill level 7 in Transmutations
 62611 | Crypt:2  | Reached skill level 7 in Earth Magic
 63053 | Crypt:3  | Entered Level 3 of the Crypt
 63078 | Crypt:3  | Reached skill level 8 in Transmutations
 63092 | Crypt:3  | Reached skill level 8 in Earth Magic
 63456 | Crypt:3  | Reached skill level 9 in Transmutations
 63487 | Crypt:3  | Reached skill level 9 in Earth Magic
 63492 | Crypt:3  | Identified Qistrezxy's Disquisition on Destructive Aid
 63605 | Crypt:3  | Got a flickering tin ring
 63605 | Crypt:3  | Got a heavily runed ivory ring
 63606 | Crypt:3  | Identified the ring of the Gastropod {rN+ Str+5 Int-2
                  | Slay+2 Stlth+} (You found it on level 3 of the Crypt)
 63607 | Crypt:3  | Identified the ring of Xel Wos {rN+ Int+2} (You found it on
                  | level 3 of the Crypt)
 63608 | Crypt:3  | Identified the ring "Resaff" {*Contam rF++ rN+ Int+3 SInv}
                  | (You found it on level 3 of the Crypt)
 63915 | Crypt:3  | Identified the +1 scale mail of Diqouss {rPois} (You found
                  | it on level 3 of the Crypt)
 63965 | Crypt:3  | Reached skill level 10 in Spellcasting
 64178 | Crypt:3  | Reached XP level 27. HP: 249/249 MP: 37/37
 64189 | Crypt:3  | Received a gift from Okawaru
 64316 | Crypt:3  | Found a staircase to the Tomb.
 64394 | Crypt:3  | Reached skill level 10 in Transmutations
 64585 | Crypt:3  | Noticed an ancient lich
 64601 | Crypt:3  | Killed an ancient lich
 64601 | Crypt:3  | Reached skill level 10 in Earth Magic
 64690 | Crypt:3  | Found the +4 robe of Augmentation {Str+4 Int+4 Dex+4}
 64701 | Crypt:3  | Got a coiled golden ring
 64702 | Crypt:3  | Identified the ring "Vivan" {Wiz rElec Stlth+} (You found
                  | it on level 3 of the Crypt)
 64719 | Crypt:3  | Got a scorched golden amulet
 64720 | Crypt:3  | Identified the amulet "Xostyl" {RegenMP MR+ Dex+4 SInv}
                  | (You found it on level 3 of the Crypt)
 64724 | Crypt:3  | Got a heavily runed copper ring
 64725 | Crypt:3  | Identified the ring "Qeoz" {Fire Stlth+} (You found it on
                  | level 3 of the Crypt)
 65511 | Slime:1  | Entered Level 1 of the Pits of Slime
 65573 | Slime:3  | Gained mutation: Your spells are a little easier to cast,
                  | but a little less powerful. [a shining eye]
 66294 | Slime:5  | Entered Level 5 of the Pits of Slime
 66323 | Slime:5  | Noticed the Royal Jelly
 66341 | Slime:5  | Killed the Royal Jelly
 66341 | Slime:5  | Reached skill level 11 in Spellcasting
 66341 | Slime:5  | Reached skill level 11 in Transmutations
 66341 | Slime:5  | Reached skill level 11 in Earth Magic
 66897 | Slime:5  | Got a slimy rune of Zot
 66909 | Slime:5  | Identified the Disquisition on Destructive Boosts
 66944 | Slime:5  | Identified Sif Muna's Volume of Torrid Transformation
 67018 | Slime:5  | Got a spiked scale mail
 67099 | Slime:1  | Gained mutation: Your body sometimes deteriorates upon
                  | taking damage. [a shining eye]
 67107 | Slime:1  | Gained mutation: Your body often deteriorates upon taking
                  | damage. [a shining eye]
 67220 | Lair:6   | Lost mutation: Your spells are a little easier to cast, but
                  | a little less powerful. [potion of mutation]
 67220 | Lair:6   | Lost mutation: Your body often deteriorates upon taking
                  | damage. [potion of mutation]
 67220 | Lair:6   | Lost mutation: Your body sometimes deteriorates upon taking
                  | damage. [potion of mutation]
 67220 | Lair:6   | Gained mutation: You do not regenerate when monsters are
                  | visible. [potion of mutation]
 67220 | Lair:6   | Gained mutation: You can translocate small distances at
                  | will. [potion of mutation]
 67221 | Lair:6   | Lost mutation: You can translocate small distances at will.
                  | [potion of mutation]
 67221 | Lair:6   | Lost mutation: You do not regenerate when monsters are
                  | visible. [potion of mutation]
 67221 | Lair:6   | Lost mutation: You are partially covered in molten scales.
                  | (AC +2) [potion of mutation]
 67221 | Lair:6   | Gained mutation: You are agile. (Dex +2) [potion of
                  | mutation]
 67221 | Lair:6   | Gained mutation: Your tail ends in a poisonous barb.
                  | [potion of mutation]
 67513 | Depths:1 | Voluntarily entered the Abyss.
 67539 | Abyss:1  | Found a sparkling altar of Nemelex Xobeh.
 67637 | Abyss:1  | Received a gift from Okawaru
 67654 | Abyss:1  | Got a distressingly furry scale mail {god gift}
 67828 | Abyss:3  | Identified the +1 scale mail of Supple Strength {*Contam
                  | rElec rN+++ SInv} (Okawaru gifted it to you on level 1 of
                  | the Abyss)
 67890 | Abyss:3  | Identified the +3 scale mail "Upniomir" {+Fly rPois rF-
                  | Int+4} (You found it on level 5 of the Pits of Slime)
 68080 | Abyss:3  | Reached skill level 12 in Transmutations
 68136 | Abyss:3  | Reached skill level 12 in Earth Magic
 68140 | Abyss:3  | Reached skill level 12 in Spellcasting
 68395 | Abyss:4  | Found a corrupted altar of Lugonu.
 68726 | Abyss:4  | Paralysed by accursed screaming for 1 turns
 68737 | Abyss:4  | Paralysed by accursed screaming for 2 turns
 68769 | Depths:1 | You pass through the gate.
 68769 | Depths:1 | Escaped the Abyss
 68924 | Depths:1 | Voluntarily entered the Abyss.
 68924 | Abyss:1  | Found a corrupted altar of Lugonu.
 69000 | Abyss:1  | Found a corrupted altar of Lugonu.
 69089 | Abyss:1  | Noticed an ancient lich
 69105 | Abyss:1  | Killed an ancient lich
 69108 | Depths:1 | You pass through the gate.
 69108 | Depths:1 | Escaped the Abyss
 69287 | Depths:1 | Voluntarily entered the Abyss.
 69558 | Abyss:3  | Received a gift from Okawaru
 69581 | Abyss:3  | Reached skill level 16 in Fighting
 69610 | Abyss:3  | Paralysed by accursed screaming for 1 turns
 70073 | Abyss:4  | Reached skill level 17 in Fighting
 70088 | Abyss:4  | Got an abyssal rune of Zot
 70134 | Abyss:5  | Entered Level 5 of the Abyss
 70134 | Abyss:5  | Found a corrupted altar of Lugonu.
 70164 | Abyss:5  | Found a corrupted altar of Lugonu.
 70395 | Abyss:5  | Reached skill level 18 in Fighting
 70400 | Depths:1 | You pass through the gate.
 70400 | Depths:1 | Escaped the Abyss
 70775 | Zot:1    | Entered Level 1 of the Realm of Zot
 71081 | Zot:1    | Received a gift from Okawaru
 71190 | Zot:1    | Noticed an orb of fire
 71216 | Zot:1    | Gained mutation: You are dopey. (Int -2) [an orb of fire]
 71220 | Zot:1    | Killed an orb of fire
 71230 | Zot:1    | Reached skill level 19 in Fighting
 71829 | Zot:2    | You fall through a shaft for 2 floors!
 71868 | Zot:3    | Received a gift from Okawaru
 71999 | Zot:3    | Reached skill level 20 in Fighting
 72259 | Zot:2    | Received a gift from Okawaru
 72301 | Zot:2    | Noticed a curse toe
 72311 | Zot:2    | Killed a curse toe
 72378 | Zot:2    | Noticed an orb of fire
 72393 | Zot:2    | Killed an orb of fire
 72393 | Zot:2    | Reached skill level 21 in Fighting
 72773 | Zot:2    | Noticed an electric golem
 72787 | Zot:2    | Killed an electric golem
 73448 | Zot:2    | Reached skill level 22 in Fighting
 73454 | Zot:2    | Noticed an electric golem
 73472 | Zot:2    | Killed an electric golem
 73570 | Zot:2    | Noticed an electric golem
 73581 | Zot:2    | Killed an electric golem
 73765 | Zot:3    | Received a gift from Okawaru
 74090 | Zot:3    | Reached skill level 23 in Fighting
 74232 | Zot:3    | Learned a level 5 spell: Dispel Undead
 74420 | Zot:4    | Identified the +4 dragonskin cloak
 74420 | Zot:4    | Noticed Tiamat
 74443 | Zot:4    | Noticed an orb of fire
 74447 | Zot:4    | Killed Tiamat
 74448 | Zot:4    | Gained mutation: You expend magic power (3 MP) to
                  | strengthen your wands. [an orb of fire]
 74454 | Zot:4    | Gained mutation: You are very dopey. (Int -4) [an orb of
                  | fire]
 74458 | Zot:4    | Killed an orb of fire
 74458 | Zot:4    | Received a gift from Okawaru
 74882 | Zot:4    | Reached skill level 24 in Fighting
 75002 | Zot:4    | Received a gift from Okawaru
 75413 | Zot:5    | Entered Level 5 of the Realm of Zot
 75413 | Zot:5    | Noticed an orb of fire
 75416 | Zot:5    | Gained mutation: You tend to lose your temper in combat.
                  | [an orb of fire]
 75427 | Zot:5    | Gained mutation: You occasionally shout uncontrollably at
                  | your foes. [an orb of fire]
 75429 | Zot:5    | Killed an orb of fire
 75429 | Zot:5    | Received a gift from Okawaru
 75509 | Zot:5    | Lost mutation: You occasionally shout uncontrollably at
                  | your foes. [potion of mutation]
 75509 | Zot:5    | Lost mutation: You expend magic power (3 MP) to strengthen
                  | your wands. [potion of mutation]
 75509 | Zot:5    | Lost mutation: You are agile. (Dex +2) [potion of mutation]
 75509 | Zot:5    | Lost mutation: You tend to lose your temper in combat.
                  | [potion of mutation]
 75509 | Zot:5    | Gained mutation: You are resistant to electric shocks.
                  | (rElec) [potion of mutation]
 75509 | Zot:5    | Gained mutation: You evolve. [potion of mutation]
 75645 | Zot:5    | Found a runed translucent door.
 75645 | Zot:5    | Noticed mordus's ghost (legendary MiBe)
 75690 | Zot:5    | Killed mordus's ghost
 75948 | Zot:5    | Noticed a curse toe
 75963 | Zot:5    | Noticed an ancient lich
 75979 | Zot:5    | Killed an ancient lich
 75979 | Zot:5    | Reached skill level 25 in Fighting
 76057 | Zot:5    | Noticed an ancient lich
 76070 | Zot:5    | Killed an ancient lich
 76198 | Zot:5    | Lost mutation: You are very dopey. (Int -4) [evolution]
 76218 | Zot:5    | Noticed an orb of fire
 76226 | Zot:5    | Gained mutation: You do not regenerate when monsters are
                  | visible. [an orb of fire]
 76243 | Zot:5    | Killed an orb of fire
 76243 | Zot:5    | Received a gift from Okawaru
 76247 | Zot:5    | Identified the +0 naga barding of Awe {rElec} (Okawaru
                  | gifted it to you on level 5 of the Realm of Zot)
 76558 | Zot:5    | Noticed an ancient lich
 76582 | Zot:5    | Killed an ancient lich
 76682 | Zot:5    | Noticed an ancient lich
 76685 | Zot:5    | Gained mutation: Your body sometimes deteriorates upon
                  | taking damage. [mutagenic glow]
 76705 | Zot:5    | Killed an ancient lich
 76705 | Zot:5    | Reached skill level 26 in Fighting
 76734 | Zot:5    | Noticed an orb of fire
 76749 | Zot:5    | Gained mutation: You occasionally shout uncontrollably at
                  | your foes. [an orb of fire]
 76753 | Zot:5    | Gained mutation: You tend to lose your temper in combat.
                  | [an orb of fire]
 76757 | Zot:5    | Lost mutation: Your tail ends in a poisonous barb.
                  | [mutagenic glow]
 76760 | Zot:5    | Gained mutation: Your body often deteriorates upon taking
                  | damage. [an orb of fire]
 76766 | Zot:5    | Killed an orb of fire
 76768 | Zot:5    | Noticed an electric golem
 76785 | Zot:5    | Killed an electric golem
 76877 | Zot:5    | Received a gift from Okawaru
 77044 | Zot:5    | Noticed an orb of fire
 77073 | Zot:5    | Killed an orb of fire
 77186 | Zot:5    | Lost mutation: You occasionally shout uncontrollably at
                  | your foes. [potion of mutation]
 77186 | Zot:5    | Lost mutation: You evolve. [potion of mutation]
 77186 | Zot:5    | Lost mutation: You are dopey. (Int -2) [potion of mutation]
 77186 | Zot:5    | Gained mutation: You are robust. (+10% HP) [potion of
                  | mutation]
 77186 | Zot:5    | Gained mutation: You are somewhat resistant to further
                  | mutation. [potion of mutation]
 77187 | Zot:5    | Lost mutation: You are somewhat resistant to further
                  | mutation. [potion of mutation]
 77187 | Zot:5    | Lost mutation: You are resistant to electric shocks.
                  | (rElec) [potion of mutation]
 77187 | Zot:5    | Lost mutation: You are robust. (+10% HP) [potion of
                  | mutation]
 77187 | Zot:5    | Gained mutation: Your mind is acute. (Int +2) [potion of
                  | mutation]
 77188 | Zot:5    | Lost mutation: Your body often deteriorates upon taking
                  | damage. [potion of mutation]
 77188 | Zot:5    | Lost mutation: You do not regenerate when monsters are
                  | visible. [potion of mutation]
 77188 | Zot:5    | Lost mutation: Your body sometimes deteriorates upon taking
                  | damage. [potion of mutation]
 77188 | Zot:5    | Gained mutation: You are weak. (Str -2) [potion of
                  | mutation]
 77188 | Zot:5    | Gained mutation: You have sharp fingernails. [potion of
                  | mutation]
 77188 | Zot:5    | Gained mutation: You are somewhat resistant to further
                  | mutation. [potion of mutation]
 77576 | Zot:5    | Noticed an ancient lich
 77598 | Zot:5    | Killed an ancient lich
 77696 | Zot:5    | Noticed an electric golem
 78045 | Zot:5    | Lost mutation: Your mind is acute. (Int +2) [potion of
                  | mutation]
 78045 | Zot:5    | Lost mutation: You are somewhat resistant to further
                  | mutation. [potion of mutation]
 78045 | Zot:5    | Lost mutation: You are weak. (Str -2) [potion of mutation]
 78045 | Zot:5    | Lost mutation: You are covered in fur. (AC +1) [potion of
                  | mutation]
 78045 | Zot:5    | Gained mutation: Your mind is acute. (Int +2) [potion of
                  | mutation]
 78045 | Zot:5    | Gained mutation: You are resistant to hostile enchantments.
                  | (MR+) [potion of mutation]
 78545 | Temple   | Fell from the grace of Okawaru
 78545 | Temple   | Became a worshipper of the Shining One
 78787 | Depths:1 | Voluntarily entered the Abyss.
 78797 | Abyss:1  | Reached skill level 10 in Invocations
 78980 | Abyss:1  | Found a corrupted altar of Lugonu.
 78994 | Abyss:1  | Reached * piety under the Shining One
 79025 | Abyss:1  | Found a corrupted altar of Lugonu.
 79214 | Abyss:1  | Reached ** piety under the Shining One
 79342 | Abyss:1  | Reached *** piety under the Shining One
 79375 | Abyss:1  | Reached skill level 11 in Invocations
 79496 | Abyss:1  | Found a sparkling altar of Nemelex Xobeh.
 79545 | Abyss:1  | Reached **** piety under the Shining One
 79599 | Abyss:1  | Noticed an ancient lich
 79609 | Abyss:1  | Killed an ancient lich
 79936 | Abyss:1  | Found a roughly hewn altar of Beogh.
 79959 | Abyss:1  | Found a roughly hewn altar of Beogh.
 80038 | Abyss:1  | Reached ***** piety under the Shining One
 80244 | Abyss:1  | Lost mutation: Your mind is acute. (Int +2) [a neqoxec]
 80246 | Abyss:1  | Gained mutation: You are dopey. (Int -2) [a neqoxec]
 80259 | Abyss:1  | Reached skill level 12 in Invocations
 80332 | Depths:1 | You pass through the gate.
 80332 | Depths:1 | Escaped the Abyss
 80373 | Hell     | Entered the Vestibule of Hell
 80373 | Hell     | Noticed Geryon
 80395 | Hell     | Reached ****** piety under the Shining One
 80397 | Hell     | Reached skill level 15 in Armour
 80399 | Hell     | Reached skill level 15 in Dodging
 80406 | Hell     | Noticed Murray
 80409 | Hell     | Killed Geryon
 80431 | Hell     | Reached skill level 13 in Invocations
 80441 | Hell     | Killed Murray
 80697 | Hell     | Found a gateway to the ashen valley of Gehenna.
 80880 | Hell     | Found a gateway to the freezing wastes of Cocytus.
 81065 | Hell     | Found a gateway to the decaying netherworld of Tartarus.
 81105 | Hell     | Reached skill level 14 in Invocations
 81206 | Hell     | Found a gateway to the Iron City of Dis.
 81217 | Dis:1    | Entered Level 1 of the Iron City of Dis
 81485 | Dis:2    | Reached skill level 15 in Invocations
 81688 | Dis:3    | Was forgiven by Okawaru
 81690 | Dis:3    | You fall through a shaft for 3 floors!
 81699 | Dis:6    | Reached skill level 16 in Invocations
 81821 | Dis:7    | Entered Level 7 of the Iron City of Dis
 81951 | Dis:7    | Reached skill level 17 in Invocations
 82031 | Dis:7    | Reached skill level 18 in Invocations
 82391 | Dis:7    | Reached skill level 19 in Invocations
 82404 | Dis:7    | Identified the +4 staff of Dispater
 82404 | Dis:7    | Noticed Dispater
 82446 | Dis:7    | Killed Dispater
 82472 | Dis:7    | Got an iron rune of Zot
 82626 | Geh:1    | Entered Level 1 of Gehenna
 82707 | Geh:1    | Reached skill level 20 in Invocations
 82940 | Geh:3    | You fall through a shaft for 2 floors!
 83025 | Geh:6    | Reached skill level 21 in Invocations
 83084 | Geh:7    | Entered Level 7 of Gehenna
 83361 | Geh:7    | Reached skill level 22 in Invocations
 84008 | Geh:7    | Reached skill level 23 in Invocations
 84122 | Geh:7    | Found the +8 longbow "Zephyr" {speed, Dex+3 SInv}
 84146 | Geh:7    | Identified the +7 sceptre of Asmodeus
 84146 | Geh:7    | Noticed Asmodeus
 84173 | Geh:7    | Killed Asmodeus
 84187 | Geh:7    | Got an obsidian rune of Zot
 84461 | Coc:1    | Entered Level 1 of Cocytus
 84588 | Coc:1    | Reached skill level 24 in Invocations
 84742 | Coc:2    | You fall through a shaft!
 85160 | Coc:6    | Reached skill level 25 in Invocations
 85245 | Coc:7    | Entered Level 7 of Cocytus
 85484 | Coc:7    | Noticed the Serpent of Hell
 85517 | Coc:7    | Killed the Serpent of Hell
 85517 | Coc:7    | Reached skill level 26 in Invocations
 85895 | Coc:7    | Reached skill level 27 in Invocations
 85991 | Coc:7    | Noticed Antaeus
 86029 | Coc:7    | Killed Antaeus
 86029 | Coc:7    | Reached skill level 27 in Fighting
 86029 | Coc:7    | Reached skill level 17 in Stealth
 86092 | Coc:7    | Reached skill level 18 in Stealth
 86112 | Coc:7    | Got an icy rune of Zot
 86277 | Tar:1    | Entered Level 1 of Tartarus
 86313 | Tar:1    | Reached skill level 19 in Stealth
 86392 | Tar:1    | Reached skill level 20 in Stealth
 86573 | Tar:1    | Reached skill level 21 in Stealth
 86770 | Tar:1    | Reached skill level 22 in Stealth
 86823 | Tar:2    | Reached skill level 23 in Stealth
 86932 | Tar:3    | Reached skill level 24 in Stealth
 87229 | Tar:4    | Reached skill level 25 in Stealth
 87495 | Tar:4    | Reached skill level 26 in Stealth
 87734 | Tar:5    | Learned a level 3 spell: Recall
 87793 | Tar:5    | Reached skill level 1 in Summonings
 87938 | Tar:6    | Reached skill level 27 in Stealth
 87938 | Tar:6    | Reached skill level 2 in Summonings
 88002 | Tar:7    | Entered Level 7 of Tartarus
 88020 | Tar:7    | Reached skill level 3 in Summonings
 88035 | Tar:7    | Reached skill level 4 in Summonings
 88084 | Tar:7    | Reached skill level 5 in Summonings
 88139 | Tar:7    | Reached skill level 6 in Summonings
 88229 | Tar:7    | Reached skill level 7 in Summonings
 88265 | Tar:7    | Reached skill level 8 in Summonings
 88377 | Tar:7    | Noticed Ereshkigal
 88391 | Tar:7    | Killed Ereshkigal
 88391 | Tar:7    | Reached skill level 9 in Summonings
 88454 | Tar:7    | Reached skill level 10 in Summonings
 88561 | Tar:7    | Reached skill level 11 in Summonings
 88642 | Tar:7    | Got a bone rune of Zot
 89398 | Elf:1    | Identified a +9 broad axe of holy wrath (a +7 broad axe of
                  | freezing blessed by the Shining One)
 89398 | Elf:1    | Received a gift from the Shining One
 89656 | Pan      | Entered Pandemonium
 89726 | Pan      | Reached skill level 12 in Summonings
 89849 | Pan      | Gained mutation: You are clumsy. (Dex -2) [a neqoxec]
 89851 | Pan      | Noticed Taluikip the pandemonium lord
 89858 | Pan      | Killed Taluikip the pandemonium lord
 89878 | Pan      | Reached skill level 13 in Summonings
 89897 | Pan      | Gained mutation: Your magical capacity is low. (-10% MP) [a
                  | neqoxec]
 90026 | Pan      | Gained mutation: Potions are less effective at restoring
                  | your health. [a neqoxec]
 90044 | Pan      | Reached skill level 14 in Summonings
 90110 | Pan      | Noticed Punacs the pandemonium lord
 90117 | Pan      | Killed Punacs the pandemonium lord
 90127 | Pan      | Entered the realm of Gloorx Vloq.
 90248 | Pan      | Reached skill level 15 in Summonings
 90251 | Pan      | Noticed a curse skull
 90267 | Pan      | Killed a curse skull
 90293 | Pan      | Noticed Gloorx Vloq
 90300 | Pan      | Killed Gloorx Vloq
 90312 | Pan      | Got a dark rune of Zot
 90355 | Pan      | Reached skill level 16 in Summonings
 90517 | Depths:4 | You pass through the gate.
 90517 | Depths:4 | Escaped Pandemonium
 90669 | Zot:1    | Learned a level 6 spell: Shadow Creatures
 90816 | Pan      | Entered Pandemonium
 90889 | Pan      | Found a runed translucent door.
 90894 | Pan      | Found a runed translucent door.
 90898 | Pan      | Found a runed translucent door.
 90900 | Pan      | Noticed Ceuskoy the pandemonium lord
 90903 | Pan      | Killed Ceuskoy the pandemonium lord
 90911 | Pan      | Found a runed translucent door.
 91097 | Pan      | Noticed Taehinit the pandemonium lord
 91114 | Pan      | Killed Taehinit the pandemonium lord
 91114 | Pan      | Gained mutation: Your magical capacity is very low. (-20%
                  | MP) [a neqoxec]
 91172 | Pan      | Gained mutation: Your body sometimes deteriorates upon
                  | taking damage. [a neqoxec]
 91311 | Pan      | Found a runed translucent door.
 91326 | Pan      | Noticed Mennas
 91341 | Pan      | Killed Mennas
 91341 | Pan      | Reached skill level 16 in Shields
 91347 | Pan      | Entered the realm of Cerebov.
 91742 | Pan      | Identified the +0 lajatang of Resourcefulness {slice, rPois
                  | SInv}
 91749 | Pan      | Reached skill level 16 in Armour
 91755 | Pan      | Reached skill level 16 in Dodging
 91828 | Pan      | Identified the +6 broad axe of Pride {chop, +Rage} (You
                  | found it in Pandemonium)
 91901 | Pan      | Identified Sif Muna's Guide on Necromancy and Malediction
 91911 | Pan      | Identified the +6 sword of Cerebov {flame}
 91911 | Pan      | Noticed Cerebov
 91942 | Pan      | Killed Cerebov
 91983 | Pan      | Got a fiery rune of Zot
 92000 | Pan      | Identified Kemint's Handbook of the Scorching Frostbite
 92137 | Pan      | Gained mutation: You are very clumsy. (Dex -4) [a
                  | cacodemon]
 92179 | Pan      | Gained mutation: You often lose your temper in combat. [a
                  | neqoxec]
 92181 | Pan      | Noticed Init the pandemonium lord
 92191 | Pan      | Killed Init the pandemonium lord
 92276 | Pan      | Got a slimy bronze ring
 92278 | Pan      | Identified the ring of Eshumpug {rC+ Str+5 Dex+4 Stlth+}
                  | (You found it in Pandemonium)
 92300 | Pan      | Entered the realm of Lom Lobon.
 92300 | Pan      | Noticed Lom Lobon
 92329 | Pan      | Killed Lom Lobon
 92359 | Pan      | Got a magical rune of Zot
 92370 | Pan      | Identified the ring of Tiegerum {*Contam rElec Str-2 Int+8
                  | Dex+5}
 92483 | Pan      | Reached skill level 17 in Shields
 92523 | Pan      | Reached skill level 17 in Armour
 92529 | Pan      | Reached skill level 17 in Dodging
 92953 | Pan      | Noticed Rojaehur the pandemonium lord
 92970 | Pan      | Killed Rojaehur the pandemonium lord
 92970 | Pan      | Identified the +9 flail of Conflict {pain, rPois Str+7}
 93466 | Pan      | Got a demonic rune of Zot
 93659 | Pan      | Found a transporter.
 93803 | Pan      | Noticed Ziumefax the pandemonium lord
 93814 | Pan      | Killed Ziumefax the pandemonium lord
 93897 | Pan      | Gained mutation: Your body often deteriorates upon taking
                  | damage. [a cacodemon]
 93917 | Pan      | Entered the realm of Mnoleg.
 94059 | Pan      | Reached skill level 18 in Shields
 94059 | Pan      | Noticed Mnoleg
 94063 | Pan      | Gained mutation: You occasionally shout uncontrollably at
                  | your foes. [a cacodemon]
 94067 | Pan      | Gained mutation: You are weak. (Str -2) [a shining eye]
 94077 | Pan      | Killed Mnoleg
 94077 | Pan      | Reached skill level 18 in Armour
 94077 | Pan      | Reached skill level 18 in Dodging
 94163 | Pan      | Got a glowing rune of Zot
 94193 | Pan      | Gained mutation: You have an uncontrollable temper. [a
                  | cacodemon]
 94289 | Pan      | Gained mutation: Your magical capacity is extremely low.
                  | (-30% MP) [a cacodemon]
 94351 | Pan      | Paralysed by a floating eye for 4 turns
 94416 | Pan      | Found an exit through the horrors of the Abyss.
 94941 | Pan      | Gained mutation: You sometimes yell uncontrollably at your
                  | foes. [a cacodemon]
 95243 | Pan      | Took an exit into the Abyss.
 95243 | Abyss:1  | You pass through the gate.
 95243 | Abyss:1  | Escaped into the Abyss
 95285 | Abyss:1  | Got a coiled crystal amulet
 95286 | Abyss:1  | Identified the amulet "Puwucw" {Spirit rF+ SInv} (You
                  | acquired it on level 1 of the Abyss)
 95432 | Depths:5 | You pass through the gate.
 95432 | Depths:5 | Escaped the Abyss
 95504 | Zig:1    | Entered Level 1 of a ziggurat
 95528 | Zig:2    | Entered Level 2 of a ziggurat
 95553 | Zig:3    | Entered Level 3 of a ziggurat
 95585 | Zig:3    | Identified the Compendium of the Gliding Oath
 95599 | Zig:4    | Entered Level 4 of a ziggurat
 95681 | Zig:5    | Entered Level 5 of a ziggurat
 95825 | Zig:6    | Entered Level 6 of a ziggurat
 95930 | Zig:6    | Noticed Ixkuin the pandemonium lord
 95935 | Zig:6    | Killed Ixkuin the pandemonium lord
 95939 | Zig:6    | Identified the Volume of the Congealing Arsonist
 95979 | Zig:7    | Entered Level 7 of a ziggurat
 95991 | Zig:7    | Gained mutation: You are very dopey. (Int -4) [a neqoxec]
 96115 | Zig:7    | Learned a level 6 spell: Deflect Missiles
 96135 | Zig:8    | Entered Level 8 of a ziggurat
 96144 | Zig:8    | Gained mutation: You are occasionally teleported next to
                  | monsters. [a shining eye]
 96145 | Zig:8    | Found the +5 robe of Misfortune {*Contam Harm *Corrode
                  | *Drain *Slow EV+5}
 96148 | Zig:8    | Reached skill level 5 in Air Magic
 96149 | Zig:8    | Reached skill level 5 in Charms
 96152 | Zig:8    | Lost mutation: You have an uncontrollable temper. [a
                  | shining eye]
 96154 | Zig:8    | Gained mutation: You have an uncontrollable temper. [a
                  | shining eye]
 96198 | Zig:9    | Entered Level 9 of a ziggurat
 96224 | Zig:9    | Reached skill level 6 in Charms
 96263 | Zig:9    | Identified the Papyrus of the Oath and Weightlessness
 96273 | Zig:10   | Entered Level 10 of a ziggurat
 96292 | Zig:10   | Reached skill level 6 in Air Magic
 96299 | Zig:10   | Reached skill level 7 in Charms
 96301 | Zig:10   | Found the +9 staff of Wucad Mu {channel}
 96493 | Zig:10   | Got a wavering silver amulet
 96494 | Zig:10   | Identified the amulet of the Cast Vote {*Contam +Rage rElec
                  | rPois} (You found it on level 10 of a ziggurat)
 96532 | Zig:11   | Entered Level 11 of a ziggurat
 96555 | Zig:11   | Identified +0 pearl dragon scales
 96555 | Zig:11   | Reached skill level 8 in Charms
 96555 | Zig:11   | Reached skill level 7 in Air Magic
 96564 | Zig:11   | Reached skill level 9 in Charms
 96758 | Zig:12   | Entered Level 12 of a ziggurat
 96782 | Zig:12   | Reached skill level 8 in Air Magic
 96784 | Zig:12   | Reached skill level 10 in Charms
 96904 | Depths:4 | Voluntarily entered the Abyss.
 96983 | Depths:4 | You pass through the gate.
 96983 | Depths:4 | Escaped the Abyss
 97229 | D:7      | Fell from the grace of the Shining One
 97229 | D:7      | Became a worshipper of Zin the Law-Giver
 97229 | D:7      | Reached * piety under Zin
 97229 | D:7      | Reached ** piety under Zin
 97229 | D:7      | Reached *** piety under Zin
 97229 | D:7      | Reached **** piety under Zin
 97229 | D:7      | Reached ***** piety under Zin
 97450 | Depths:1 | Voluntarily entered the Abyss.
 97572 | Abyss:1  | Reached skill level 11 in Charms
 97710 | Abyss:1  | Reached skill level 9 in Air Magic
 97906 | Abyss:1  | Reached skill level 12 in Charms
 98132 | Abyss:2  | Found a sparkling altar of Nemelex Xobeh.
 98156 | Abyss:2  | Reached skill level 10 in Air Magic
 98254 | Abyss:2  | Reached ****** piety under Zin
 98279 | Abyss:2  | Reached skill level 13 in Charms
 98333 | Abyss:2  | Paralysed by accursed screaming for 1 turns
 98789 | Abyss:2  | Reached skill level 14 in Charms
 98812 | Abyss:2  | Reached skill level 11 in Air Magic
 99416 | Abyss:2  | Got a twitching ruby amulet
 99417 | Abyss:2  | Identified the amulet of Pibasiorph {Inacc +Inv rElec
                  | Dex+4} (You found it on level 2 of the Abyss)
 99547 | Abyss:2  | Reached skill level 12 in Air Magic
 99676 | Abyss:2  | Reached skill level 15 in Charms
 99789 | Depths:1 | You pass through the gate.
 99789 | Depths:1 | Escaped the Abyss
 99795 | Depths:1 | Voluntarily entered the Abyss.
 99805 | Depths:1 | You pass through the gate.
 99805 | Depths:1 | Escaped the Abyss
 99807 | Depths:1 | Voluntarily entered the Abyss.
 99819 | Abyss:1  | Found a corrupted altar of Lugonu.
 99825 | Depths:1 | You pass through the gate.
 99825 | Depths:1 | Escaped the Abyss
 99827 | Depths:1 | Voluntarily entered the Abyss.
 99839 | Depths:1 | You pass through the gate.
 99839 | Depths:1 | Escaped the Abyss
 99841 | Depths:1 | Voluntarily entered the Abyss.
 99908 | Abyss:1  | Reached skill level 17 in Axes
100071 | Depths:1 | You pass through the gate.
100071 | Depths:1 | Escaped the Abyss
100194 | Depths:1 | Voluntarily entered the Abyss.
100632 | Depths:1 | You pass through the gate.
100632 | Depths:1 | Escaped the Abyss
100875 | Depths:1 | Voluntarily entered the Abyss.
100982 | Abyss:1  | Reached skill level 18 in Axes
101097 | Depths:1 | You pass through the gate.
101097 | Depths:1 | Escaped the Abyss
101102 | Depths:1 | Voluntarily entered the Abyss.
101118 | Depths:1 | You pass through the gate.
101118 | Depths:1 | Escaped the Abyss
101120 | Depths:1 | Voluntarily entered the Abyss.
101137 | Depths:1 | You pass through the gate.
101137 | Depths:1 | Escaped the Abyss
101139 | Depths:1 | Voluntarily entered the Abyss.
101139 | Abyss:1  | Found a corrupted altar of Lugonu.
101148 | Abyss:1  | Found a corrupted altar of Lugonu.
101191 | Abyss:1  | Paralysed by accursed screaming for 1 turns
101205 | Depths:1 | You pass through the gate.
101205 | Depths:1 | Escaped the Abyss
101207 | Depths:1 | Voluntarily entered the Abyss.
101226 | Depths:1 | You pass through the gate.
101226 | Depths:1 | Escaped the Abyss
101228 | Depths:1 | Voluntarily entered the Abyss.
101403 | Depths:1 | You pass through the gate.
101403 | Depths:1 | Escaped the Abyss
101405 | Depths:1 | Voluntarily entered the Abyss.
101737 | Abyss:1  | Found a corrupted altar of Lugonu.
101838 | Depths:1 | You pass through the gate.
101838 | Depths:1 | Escaped the Abyss
101840 | Depths:1 | Voluntarily entered the Abyss.
101961 | Depths:1 | You pass through the gate.
101961 | Depths:1 | Escaped the Abyss
101963 | Depths:1 | Voluntarily entered the Abyss.
101990 | Depths:1 | You pass through the gate.
101990 | Depths:1 | Escaped the Abyss
102002 | Depths:1 | Voluntarily entered the Abyss.
102081 | Abyss:1  | Found a corrupted altar of Lugonu.
102189 | Abyss:1  | Reached skill level 19 in Axes
102349 | Depths:1 | You pass through the gate.
102349 | Depths:1 | Escaped the Abyss
102558 | Depths:1 | Voluntarily entered the Abyss.
102581 | Abyss:1  | Identified Les Xooj's Grimoire of Poisonous
                  | Self-Improvement
102757 | Depths:1 | You pass through the gate.
102757 | Depths:1 | Escaped the Abyss
102763 | Depths:1 | Voluntarily entered the Abyss.
102763 | Abyss:1  | Found a corrupted altar of Lugonu.
102781 | Abyss:1  | Lost mutation: You are very dopey. (Int -4) [potion of
                  | mutation]
102781 | Abyss:1  | Lost mutation: You are very clumsy. (Dex -4) [potion of
                  | mutation]
102781 | Abyss:1  | Lost mutation: You are weak. (Str -2) [potion of mutation]
102781 | Abyss:1  | Lost mutation: Your body often deteriorates upon taking
                  | damage. [potion of mutation]
102863 | Depths:1 | You pass through the gate.
102863 | Depths:1 | Escaped the Abyss
102870 | Depths:1 | Voluntarily entered the Abyss.
102908 | Depths:1 | You pass through the gate.
102908 | Depths:1 | Escaped the Abyss
102910 | Depths:1 | Voluntarily entered the Abyss.
103092 | Abyss:2  | Paralysed by accursed screaming for 1 turns
103143 | Depths:1 | You pass through the gate.
103143 | Depths:1 | Escaped the Abyss
103294 | Depths:1 | Voluntarily entered the Abyss.
103294 | Abyss:1  | Found a corrupted altar of Lugonu.
103410 | Abyss:1  | Reached skill level 20 in Axes
103422 | Depths:1 | You pass through the gate.
103422 | Depths:1 | Escaped the Abyss
103424 | Depths:1 | Voluntarily entered the Abyss.
103688 | Abyss:3  | Paralysed by accursed screaming for 1 turns
103855 | Depths:1 | You pass through the gate.
103855 | Depths:1 | Escaped the Abyss
104240 | Depths:1 | Voluntarily entered the Abyss.
104559 | Depths:1 | You pass through the gate.
104559 | Depths:1 | Escaped the Abyss
104561 | Depths:1 | Voluntarily entered the Abyss.
104585 | Abyss:1  | Reached skill level 21 in Axes
104588 | Depths:1 | You pass through the gate.
104588 | Depths:1 | Escaped the Abyss
104590 | Depths:1 | Voluntarily entered the Abyss.
104598 | Abyss:2  | Found a corrupted altar of Lugonu.
104600 | Abyss:2  | Identified Lymi's Compendium of the Rocks and Good Luck
104684 | Depths:1 | You pass through the gate.
104684 | Depths:1 | Escaped the Abyss
104686 | Depths:1 | Voluntarily entered the Abyss.
104750 | Abyss:1  | Found a hazy altar of Hepliaklqana.
104797 | Depths:1 | You pass through the gate.
104797 | Depths:1 | Escaped the Abyss
104799 | Depths:1 | Voluntarily entered the Abyss.
104809 | Abyss:1  | Found a corrupted altar of Lugonu.
104862 | Depths:1 | You pass through the gate.
104862 | Depths:1 | Escaped the Abyss
104864 | Depths:1 | Voluntarily entered the Abyss.
104864 | Abyss:1  | Found a corrupted altar of Lugonu.
104929 | Depths:1 | You pass through the gate.
104929 | Depths:1 | Escaped the Abyss
105032 | Depths:1 | Voluntarily entered the Abyss.
105032 | Abyss:1  | Found a corrupted altar of Lugonu.
105047 | Depths:1 | You pass through the gate.
105047 | Depths:1 | Escaped the Abyss
105049 | Depths:1 | Voluntarily entered the Abyss.
105049 | Abyss:1  | Found a corrupted altar of Lugonu.
105137 | Depths:1 | You pass through the gate.
105137 | Depths:1 | Escaped the Abyss
105139 | Depths:1 | Voluntarily entered the Abyss.
105169 | Abyss:1  | Found a corrupted altar of Lugonu.
105275 | Abyss:1  | Found a corrupted altar of Lugonu.
106003 | Depths:1 | You pass through the gate.
106003 | Depths:1 | Escaped the Abyss
106005 | Depths:1 | Voluntarily entered the Abyss.
106005 | Abyss:1  | Found a corrupted altar of Lugonu.
106020 | Abyss:1  | Reached skill level 22 in Axes
106035 | Abyss:1  | Found a corrupted altar of Lugonu.
106164 | Abyss:1  | Found a corrupted altar of Lugonu.
106175 | Abyss:1  | Found a corrupted altar of Lugonu.
106355 | Abyss:1  | Found a corrupted altar of Lugonu.
106409 | Abyss:1  | Found a hide-covered altar of Uskayaw.
106466 | Depths:1 | You pass through the gate.
106466 | Depths:1 | Escaped the Abyss
106613 | Depths:1 | Voluntarily entered the Abyss.
106632 | Depths:1 | You pass through the gate.
106632 | Depths:1 | Escaped the Abyss
106634 | Depths:1 | Voluntarily entered the Abyss.
106694 | Depths:1 | You pass through the gate.
106694 | Depths:1 | Escaped the Abyss
106696 | Depths:1 | Voluntarily entered the Abyss.
106739 | Abyss:2  | Got a shimmering brass ring
106740 | Abyss:2  | Identified the ring of Trepidation {*Tele rPois SInv} (You
                  | found it on level 2 of the Abyss)
106788 | Abyss:3  | Found a shimmering altar of Xom.
106788 | Abyss:3  | Found a shimmering altar of Xom.
106788 | Abyss:3  | Found a shimmering altar of Xom.
106790 | Abyss:3  | Found a shimmering altar of Xom.
106790 | Abyss:3  | Found a shimmering altar of Xom.
106790 | Abyss:3  | Found a corrupted altar of Lugonu.
106808 | Abyss:3  | Found a shimmering altar of Xom.
106809 | Abyss:3  | Found a shimmering altar of Xom.
107079 | Depths:1 | You pass through the gate.
107079 | Depths:1 | Escaped the Abyss
107273 | D:7      | Fell from the grace of Zin
107273 | D:7      | Became a worshipper of Xom of Chaos
107505 | Depths:1 | Voluntarily entered the Abyss.
107641 | Abyss:1  | Lost mutation: You are resistant to hostile enchantments.
                  | (MR+) [the wrath of Zin]
107641 | Abyss:1  | Lost mutation: You have sharp fingernails. [the wrath of
                  | Zin]
107657 | Abyss:1  | XOM: potion effect (haste)
107677 | Abyss:1  | Identified a +2 robe of resistance
107695 | Abyss:1  | Reached skill level 23 in Axes
107722 | Abyss:1  | XOM: potion effect (brilliance)
107733 | Abyss:1  | XOM: stat loss: -1 Int (19/20)
107741 | Abyss:1  | XOM: stat loss: -1 Dex (17/18)
107795 | Abyss:1  | XOM: harmless Pois miscast
107801 | Abyss:1  | Paralysed by accursed screaming for 2 turns
107812 | Abyss:1  | Paralysed by accursed screaming for 2 turns
107825 | Abyss:1  | Paralysed by accursed screaming for 2 turns
107863 | Abyss:1  | XOM: chaos cloud
108135 | Abyss:1  | XOM: divination: detect items
108156 | Abyss:1  | Found a corrupted altar of Lugonu.
108160 | Depths:1 | You pass through the gate.
108160 | Depths:1 | Escaped the Abyss
108226 | Depths:1 | XOM: summons 3 hostile shadow creatures
108410 | Depths:1 | Voluntarily entered the Abyss.
108456 | Abyss:1  | Lost mutation: Your body sometimes deteriorates upon taking
                  | damage. [potion of mutation]
108456 | Abyss:1  | Lost mutation: You are clumsy. (Dex -2) [potion of
                  | mutation]
108456 | Abyss:1  | Lost mutation: You sometimes yell uncontrollably at your
                  | foes. [potion of mutation]
108456 | Abyss:1  | Lost mutation: Your magical capacity is extremely low.
                  | (-30% MP) [potion of mutation]
108456 | Abyss:1  | Gained mutation: Your muscles are strong. (Str +2) [potion
                  | of mutation]
108516 | Abyss:1  | XOM: summons 2 hostile shadow creatures
108517 | Abyss:1  | XOM: divination: detect creatures
108528 | Abyss:1  | XOM: noise
108558 | Abyss:1  | XOM: summons 10 hostile demons
108586 | Abyss:1  | XOM: cast spell 'Chain of Chaos'
108592 | Abyss:1  | XOM: harmless Hex miscast
108621 | Abyss:1  | XOM: summons 2 friendly demons
108627 | Abyss:1  | XOM: confuse monster(s)
108652 | Abyss:1  | XOM: swap monsters
108654 | Abyss:1  | XOM: summons 2 hostile shadow creatures
108689 | Depths:1 | You pass through the gate.
108689 | Depths:1 | Escaped the Abyss
108691 | Depths:1 | Voluntarily entered the Abyss.
108740 | Depths:1 | You pass through the gate.
108740 | Depths:1 | Escaped the Abyss
108742 | Depths:1 | Voluntarily entered the Abyss.
108743 | Abyss:1  | Found a corrupted altar of Lugonu.
108777 | Abyss:1  | XOM: medium Necr miscast
108781 | Abyss:1  | Found a corrupted altar of Lugonu.
108810 | Abyss:1  | Lost mutation: Your muscles are strong. (Str +2) [the wrath
                  | of Zin]
108879 | Abyss:1  | XOM: medium Chrm miscast
108941 | Abyss:1  | XOM: scenery: create altars
108974 | Abyss:1  | XOM: god gift: 32 gold pieces
108990 | Abyss:1  | XOM: mild Hex miscast
108994 | Abyss:1  | XOM: fog
109000 | Abyss:1  | Reached skill level 24 in Axes
109032 | Depths:1 | You pass through the gate.
109032 | Depths:1 | Escaped the Abyss
109037 | Depths:1 | Voluntarily entered the Abyss.
109037 | Abyss:1  | Found a corrupted altar of Lugonu.
109204 | Abyss:1  | Paralysed by the wrath of Zin for 4 turns
109214 | Abyss:1  | XOM: destruction
109296 | Abyss:1  | XOM: confuse monster(s)
109299 | Abyss:1  | XOM: smoke on damage
109307 | Depths:1 | You pass through the gate.
109307 | Depths:1 | Escaped the Abyss
109309 | Depths:1 | Voluntarily entered the Abyss.
109410 | Abyss:1  | XOM: scenery: create altars
109504 | Abyss:2  | XOM: stealth player
109505 | Abyss:2  | Found a corrupted altar of Lugonu.
109506 | Abyss:2  | Found a shimmering altar of Xom.
109506 | Abyss:2  | Found a shimmering altar of Xom.
109507 | Abyss:2  | Found a shimmering altar of Xom.
109512 | Abyss:2  | XOM: scenery: create altars
109515 | Abyss:2  | XOM: summons friendly shadow imp
109519 | Abyss:2  | Found a shimmering altar of Xom.
109561 | Abyss:3  | XOM: noise
109561 | Abyss:3  | Found a corrupted altar of Lugonu.
109581 | Abyss:3  | XOM: enchant monster (good)
109596 | Abyss:3  | XOM: fake destruction
109603 | Abyss:3  | XOM: cast spell 'Summon Horrible Things'
109607 | Abyss:4  | Found a corrupted altar of Lugonu.
109634 | Depths:1 | You pass through the gate.
109634 | Depths:1 | Escaped the Abyss
109636 | Depths:1 | Voluntarily entered the Abyss.
109636 | Abyss:1  | Found a corrupted altar of Lugonu.
109637 | Abyss:1  | XOM: destruction
109669 | Abyss:1  | Found a corrupted altar of Lugonu.
109695 | Depths:1 | You pass through the gate.
109695 | Depths:1 | Escaped the Abyss
109697 | Depths:1 | Voluntarily entered the Abyss.
109716 | Abyss:1  | XOM: fog
109723 | Abyss:1  | XOM: destruction
109761 | Depths:1 | You pass through the gate.
109761 | Depths:1 | Escaped the Abyss
109763 | Depths:1 | Voluntarily entered the Abyss.
109763 | Abyss:1  | XOM: divination: detect items
109767 | Abyss:1  | Found a corrupted altar of Lugonu.
109776 | Abyss:1  | Found a basalt altar of Yredelemnul.
109805 | Abyss:1  | XOM: divine lightning
109817 | Abyss:1  | Gained mutation: You are very weak. (Str -4) [a neqoxec]
109876 | Abyss:1  | Gained mutation: You sometimes yell uncontrollably at your
                  | foes. [a neqoxec]
109900 | Abyss:1  | XOM: confuse monster(s)
110038 | Abyss:1  | Gained mutation: You are frail. (-10% HP) [a neqoxec]
110042 | Abyss:1  | Gained mutation: You are clumsy. (Dex -2) [a neqoxec]
110065 | Abyss:1  | Found a basalt altar of Yredelemnul.
110068 | Abyss:1  | XOM: confuse monster(s)
110089 | Abyss:1  | XOM: summons friendly iron imp
110120 | Abyss:1  | Found a basalt altar of Yredelemnul.
110166 | Abyss:1  | Reached skill level 25 in Axes
110201 | Abyss:1  | XOM: cleaving
110259 | Abyss:1  | XOM: scenery: create altars
110282 | Depths:1 | You pass through the gate.
110282 | Depths:1 | Escaped the Abyss
110284 | Depths:1 | Voluntarily entered the Abyss.
110322 | Depths:1 | You pass through the gate.
110322 | Depths:1 | Escaped the Abyss
110324 | Depths:1 | Voluntarily entered the Abyss.
110324 | Abyss:1  | XOM: noise
110338 | Depths:1 | You pass through the gate.
110338 | Depths:1 | Escaped the Abyss
110340 | Depths:1 | Voluntarily entered the Abyss.
110498 | Abyss:1  | XOM: confuse monster(s)
110604 | Depths:1 | You pass through the gate.
110604 | Depths:1 | Escaped the Abyss
110980 | Lair:2   | Fell from the grace of Xom
110980 | Lair:2   | Became a worshipper of Zin the Law-Giver
111209 | Depths:1 | Voluntarily entered the Abyss.
111209 | Abyss:1  | Found a corrupted altar of Lugonu.
111224 | Abyss:1  | Found a deep blue altar of Sif Muna.
111232 | Depths:1 | You pass through the gate.
111232 | Depths:1 | Escaped the Abyss
111233 | Depths:1 | Donated 5047 gold pieces to Zin
111235 | Depths:1 | Voluntarily entered the Abyss.
111709 | Depths:1 | You pass through the gate.
111709 | Depths:1 | Escaped the Abyss
111711 | Depths:1 | Voluntarily entered the Abyss.
111716 | Abyss:1  | Found a corrupted altar of Lugonu.
111734 | Abyss:1  | Lost mutation: You sometimes yell uncontrollably at your
                  | foes. [potion of mutation]
111734 | Abyss:1  | Lost mutation: Potions are less effective at restoring your
                  | health. [potion of mutation]
111734 | Abyss:1  | Lost mutation: Your magical capacity is very low. (-20% MP)
                  | [potion of mutation]
112032 | Abyss:2  | XOM: summons 4 hostile demons
112117 | Abyss:2  | XOM: confusion (+ monsters)
112266 | Depths:1 | You pass through the gate.
112266 | Depths:1 | Escaped the Abyss
112272 | Depths:1 | Voluntarily entered the Abyss.
112290 | Abyss:1  | XOM: medium Tmut miscast
112369 | Abyss:1  | Reached skill level 26 in Axes
112397 | Abyss:1  | XOM: give mutations
112762 | Depths:1 | You pass through the gate.
112762 | Depths:1 | Escaped the Abyss
112764 | Depths:1 | Voluntarily entered the Abyss.
112764 | Abyss:1  | Found a corrupted altar of Lugonu.
112811 | Abyss:1  | Paralysed by you for 4 turns
112813 | Abyss:1  | XOM: noise
112846 | Abyss:2  | Found a deep blue altar of Sif Muna.
112857 | Abyss:2  | Found a deep blue altar of Sif Muna.
112952 | Abyss:2  | Got a transparent brass amulet
112953 | Abyss:2  | Identified the amulet of Scepticism {RegenMP rC- rN++
                  | Str+6} (You found it on level 2 of the Abyss)
112971 | Abyss:2  | Found a deep blue altar of Sif Muna.
113141 | Abyss:3  | XOM: mild Chrm miscast
113421 | Abyss:3  | Identified the +2 ring mail of Time Monsters {+Blink rCorr}
                  | (You found it on level 3 of the Abyss)
113498 | Abyss:3  | XOM: summons 14 hostile demons
113535 | Abyss:3  | Paralysed by you for 4 turns
113982 | Abyss:3  | XOM: give mutations
114023 | Abyss:3  | Reached skill level 27 in Axes
114106 | Abyss:4  | XOM: stat loss: -2 Int (13/15)
114132 | Abyss:4  | Found a corrupted altar of Lugonu.
114148 | Depths:1 | You pass through the gate.
114148 | Depths:1 | Escaped the Abyss
114428 | Depths:1 | Voluntarily entered the Abyss.
114440 | Abyss:1  | Paralysed by accursed screaming for 1 turns
114453 | Abyss:1  | Paralysed by accursed screaming for 1 turns
114471 | Abyss:1  | Noticed an ancient lich
114472 | Abyss:1  | XOM: cleaving
114481 | Abyss:1  | Killed an ancient lich
114515 | Depths:1 | You pass through the gate.
114515 | Depths:1 | Escaped the Abyss
114709 | Depths:1 | Voluntarily entered the Abyss.
114709 | Abyss:1  | Found a corrupted altar of Lugonu.
114715 | Abyss:1  | Found a corrupted altar of Lugonu.
114720 | Abyss:2  | Found a corrupted altar of Lugonu.
114780 | Abyss:2  | XOM: polymorph hellephant -> tentacled monstrosity
114987 | Abyss:3  | Reached skill level 19 in Shields
115043 | Abyss:3  | Paralysed by accursed screaming for 1 turns
115050 | Abyss:3  | XOM: summons 3 hostile shadow creatures
115088 | Abyss:3  | XOM: give mutation
115132 | Abyss:3  | Reached skill level 19 in Armour
115155 | Abyss:3  | Reached skill level 19 in Dodging
115216 | Abyss:3  | Found a corrupted altar of Lugonu.
115320 | Abyss:3  | Found a corrupted altar of Lugonu.
115640 | Abyss:3  | Found a shimmering altar of Xom.
115640 | Abyss:3  | Found a shimmering altar of Xom.
115641 | Abyss:3  | XOM: swap monsters
115683 | Abyss:3  | Found a shimmering altar of Xom.
115683 | Abyss:3  | Found a shimmering altar of Xom.
115683 | Abyss:3  | Found a shimmering altar of Xom.
115683 | Abyss:3  | Found a corrupted altar of Lugonu.
115683 | Abyss:3  | Found a shimmering altar of Xom.
115684 | Abyss:3  | Found a shimmering altar of Xom.
115685 | Abyss:3  | Found a shimmering altar of Xom.
115685 | Abyss:3  | Found a shimmering altar of Xom.
115685 | Abyss:3  | Found a shimmering altar of Xom.
115685 | Abyss:3  | Found a shimmering altar of Xom.
115685 | Abyss:3  | Found a shimmering altar of Xom.
115685 | Abyss:3  | Found a shimmering altar of Xom.
115686 | Abyss:3  | Found a shimmering altar of Xom.
115686 | Abyss:3  | Found a shimmering altar of Xom.
115754 | Abyss:3  | Reached skill level 13 in Spellcasting
115817 | Abyss:3  | XOM: mild Erth miscast
115996 | Abyss:3  | XOM: medium Necr miscast
116060 | Abyss:4  | Found a corrupted altar of Lugonu.
116162 | Depths:1 | You pass through the gate.
116162 | Depths:1 | Escaped the Abyss
116164 | Depths:1 | Voluntarily entered the Abyss.
116176 | Abyss:1  | Noticed an ancient lich
116197 | Abyss:1  | Killed an ancient lich
116237 | Depths:1 | You pass through the gate.
116237 | Depths:1 | Escaped the Abyss
116411 | Depths:1 | Voluntarily entered the Abyss.
116414 | Abyss:1  | Found a corrupted altar of Lugonu.
116722 | Abyss:3  | Found a corrupted altar of Lugonu.
116983 | Abyss:3  | Found a corrupted altar of Lugonu.
117037 | Abyss:3  | Found a corrupted altar of Lugonu.
117478 | Abyss:3  | Reached skill level 14 in Spellcasting
117555 | Abyss:3  | Found a sparkling altar of Nemelex Xobeh.
117796 | Abyss:3  | XOM: stat loss: -2 Int (13/15)
117923 | Abyss:3  | Identified the cursed +1 ring mail of the Moon {rF+ MR+
                  | rCorr} (You found it on level 3 of the Abyss)
117936 | Abyss:3  | Paralysed by accursed screaming for 1 turns
118077 | Abyss:3  | XOM: chaos cloud
118221 | Abyss:5  | Entered Level 5 of the Abyss
118358 | Depths:1 | You pass through the gate.
118358 | Depths:1 | Escaped the Abyss
118360 | Depths:1 | Voluntarily entered the Abyss.
118408 | Abyss:1  | Reached skill level 20 in Shields
118706 | Abyss:1  | Reached skill level 20 in Armour
118740 | Abyss:2  | Found a roughly hewn altar of Beogh.
118886 | Abyss:3  | Reached skill level 20 in Dodging
118972 | Abyss:3  | XOM: summons 2 hostile demons
119115 | Abyss:3  | XOM: noise
119173 | Abyss:3  | Paralysed by accursed screaming for 1 turns
119344 | Abyss:3  | Found a corrupted altar of Lugonu.
119347 | Abyss:3  | Found a corrupted altar of Lugonu.
119444 | Abyss:3  | XOM: mild Summ miscast
119542 | Abyss:3  | XOM: swap monsters
119634 | Abyss:3  | Reached skill level 15 in Spellcasting
119680 | Abyss:3  | Learned a level 2 spell: Song of Slaying
119765 | Depths:1 | You pass through the gate.
119765 | Depths:1 | Escaped the Abyss
119937 | Depths:1 | XOM: mild Fire miscast
119939 | Depths:1 | Voluntarily entered the Abyss.
120072 | Abyss:1  | Noticed an ancient lich
120152 | Depths:1 | You pass through the gate.
120152 | Depths:1 | Escaped the Abyss
120268 | Depths:1 | Voluntarily entered the Abyss.
120277 | Abyss:1  | XOM: mild Tloc miscast
120277 | Abyss:1  | Was forgiven by Xom
120310 | Abyss:1  | Found a corrupted altar of Lugonu.
120318 | Depths:1 | You pass through the gate.
120318 | Depths:1 | Escaped the Abyss
120320 | Depths:1 | Voluntarily entered the Abyss.
120379 | Depths:1 | You pass through the gate.
120379 | Depths:1 | Escaped the Abyss
120381 | Depths:1 | Voluntarily entered the Abyss.
120484 | Depths:1 | You pass through the gate.
120484 | Depths:1 | Escaped the Abyss
120486 | Depths:1 | Voluntarily entered the Abyss.
120922 | Depths:1 | You pass through the gate.
120922 | Depths:1 | Escaped the Abyss
121163 | Temple   | Fell from the grace of Zin
121163 | Temple   | Became a worshipper of the Shining One
121403 | Depths:1 | Voluntarily entered the Abyss.
121512 | Abyss:1  | Got a crystal broad axe
121513 | Abyss:1  | Identified the +0 broad axe "Qasyrots" {holy, rC+} (You
                  | acquired it on level 1 of the Abyss)
121733 | Abyss:1  | Found a corrupted altar of Lugonu.
121759 | Abyss:1  | Found a corrupted altar of Lugonu.
121769 | Abyss:1  | Found a hazy altar of Hepliaklqana.
121769 | Abyss:1  | Lost mutation: You are frail. (-10% HP) [a neqoxec]
122033 | Depths:1 | You pass through the gate.
122033 | Depths:1 | Escaped the Abyss
122253 | D:7      | Fell from the grace of the Shining One
122253 | D:7      | Became a worshipper of Zin the Law-Giver
122489 | Pan      | Entered Pandemonium
122521 | Pan      | Identified a +2 robe of the Archmagi
122604 | Pan      | Noticed Keam the pandemonium lord
122623 | Pan      | Killed Keam the pandemonium lord
122631 | Depths:4 | You pass through the gate.
122631 | Depths:4 | Escaped Pandemonium
122738 | Pan      | Entered Pandemonium
122887 | Pan      | Noticed Xaixt the pandemonium lord
122899 | Pan      | Killed Xaixt the pandemonium lord
123083 | Pan      | Donated 2995 gold pieces to Zin
123162 | Pan      | Identified a +2 robe of the Archmagi
123164 | Pan      | Found a huge runed translucent gate.
123165 | Pan      | Found a huge runed translucent gate.
123187 | Pan      | Reached skill level 16 in Spellcasting
123191 | Depths:4 | You pass through the gate.
123191 | Depths:4 | Escaped Pandemonium
123293 | Pan      | Entered Pandemonium
123297 | Pan      | Noticed Ewuvvekh the pandemonium lord
123303 | Pan      | Lost mutation: You are dopey. (Int -2) [a cacodemon]
123566 | Pan      | Found an exit through the horrors of the Abyss.
123856 | Pan      | Found an exit through the horrors of the Abyss.
124253 | Depths:4 | You pass through the gate.
124253 | Depths:4 | Escaped Pandemonium
124255 | Pan      | Entered Pandemonium
124490 | Pan      | Identified a +2 robe of the Archmagi
124501 | Pan      | Reached skill level 21 in Shields
124544 | Pan      | Noticed Jieggido the pandemonium lord
124566 | Pan      | Killed Jieggido the pandemonium lord
124894 | Pan      | Reached skill level 21 in Armour
125150 | Pan      | Reached skill level 21 in Dodging
125234 | Pan      | Noticed Bulus the pandemonium lord
125251 | Pan      | Killed Bulus the pandemonium lord
125277 | Pan      | HP: 26/298 [???[a shadow demon] (11)]
126060 | Pan      | Noticed Vihaist the pandemonium lord
126086 | Pan      | Killed Vihaist the pandemonium lord
126351 | Pan      | Noticed Esuef the pandemonium lord
126425 | Pan      | Reached skill level 17 in Spellcasting
126763 | Pan      | Found an exit through the horrors of the Abyss.
126778 | Pan      | Took an exit into the Abyss.
126778 | Abyss:1  | You pass through the gate.
126778 | Abyss:1  | Escaped into the Abyss
126778 | Abyss:1  | Found a corrupted altar of Lugonu.
126848 | Abyss:1  | Found a corrupted altar of Lugonu.
127206 | Depths:4 | You pass through the gate.
127206 | Depths:4 | Escaped the Abyss
127208 | Pan      | Entered Pandemonium
127335 | Pan      | Found an exit through the horrors of the Abyss.
127358 | Pan      | Took an exit into the Abyss.
127358 | Abyss:1  | You pass through the gate.
127358 | Abyss:1  | Escaped into the Abyss
127402 | Depths:4 | You pass through the gate.
127402 | Depths:4 | Escaped the Abyss
127419 | Depths:4 | Voluntarily entered the Abyss.
127465 | Depths:4 | You pass through the gate.
127465 | Depths:4 | Escaped the Abyss
127467 | Depths:4 | Voluntarily entered the Abyss.
127536 | Abyss:2  | Found a corrupted altar of Lugonu.
127763 | Abyss:3  | Found a shimmering altar of Xom.
127763 | Abyss:3  | Found a shimmering altar of Xom.
127763 | Abyss:3  | Found a shimmering altar of Xom.
127763 | Abyss:3  | Found a shimmering altar of Xom.
127763 | Abyss:3  | Found a shimmering altar of Xom.
127763 | Abyss:3  | Found a corrupted altar of Lugonu.
127763 | Abyss:3  | Found a shimmering altar of Xom.
127764 | Abyss:3  | Found a shimmering altar of Xom.
127765 | Abyss:3  | Found a shimmering altar of Xom.
127765 | Abyss:3  | Found a shimmering altar of Xom.
127766 | Abyss:3  | Found a shimmering altar of Xom.
127766 | Abyss:3  | Found a shimmering altar of Xom.
127766 | Abyss:3  | Found a shimmering altar of Xom.
127767 | Abyss:3  | Found a shimmering altar of Xom.
127767 | Abyss:3  | Found a shimmering altar of Xom.
127804 | Depths:4 | You pass through the gate.
127804 | Depths:4 | Escaped the Abyss
127806 | Depths:4 | Voluntarily entered the Abyss.
127806 | Abyss:1  | Found a corrupted altar of Lugonu.
127816 | Abyss:1  | Found an ancient bone altar of Kikubaaqudgha.
128155 | Abyss:2  | Paralysed by accursed screaming for 1 turns
128206 | Depths:4 | You pass through the gate.
128206 | Depths:4 | Escaped the Abyss
128327 | Depths:4 | Voluntarily entered the Abyss.
128738 | Abyss:1  | Paralysed by accursed screaming for 1 turns
128792 | Abyss:1  | Paralysed by accursed screaming for 1 turns
129665 | Abyss:2  | Reached skill level 22 in Shields
129729 | Depths:4 | You pass through the gate.
129729 | Depths:4 | Escaped the Abyss
129995 | Temple   | Fell from the grace of Zin
129995 | Temple   | Became a worshipper of the Shining One
130235 | Depths:1 | Voluntarily entered the Abyss.
130245 | Abyss:1  | Paralysed by accursed screaming for 1 turns
130438 | Abyss:1  | Reached skill level 22 in Dodging
130453 | Abyss:1  | Reached skill level 22 in Armour
130503 | Abyss:1  | Noticed an ancient lich
130516 | Abyss:1  | Killed an ancient lich
130831 | Abyss:3  | Found a corrupted altar of Lugonu.
130842 | Abyss:3  | Found a corrupted altar of Lugonu.
130942 | Abyss:3  | Paralysed by accursed screaming for 2 turns
131133 | Abyss:3  | Paralysed by accursed screaming for 1 turns
131212 | Abyss:3  | Gained mutation: Your body sometimes deteriorates upon
                  | taking damage. [a neqoxec]
131363 | Depths:1 | You pass through the gate.
131363 | Depths:1 | Escaped the Abyss
131690 | Tomb:1   | Entered Level 1 of the Tomb of the Ancients
131712 | Tomb:1   | Noticed Boris
131728 | Tomb:1   | Killed Boris
132079 | Tomb:1   | Identified the +3 naga barding "Cocval" {rElec} (You
                  | acquired it on level 1 of the Tomb of the Ancients)
132458 | Tomb:1   | Identified the Catalogue of Contamination
132619 | Tomb:1   | Noticed a greater mummy
132659 | Tomb:1   | Killed a greater mummy
132677 | Tomb:1   | Noticed a greater mummy
132692 | Tomb:1   | Killed a greater mummy
133001 | Tomb:1   | Learned a level 5 spell: Silence
133042 | Tomb:1   | Reached skill level 1 in Hexes
133048 | Tomb:1   | Reached skill level 2 in Hexes
133057 | Tomb:1   | Reached skill level 3 in Hexes
133222 | Tomb:1   | Noticed a greater mummy
133223 | Tomb:1   | Noticed a greater mummy
133232 | Tomb:1   | Killed a greater mummy
133232 | Tomb:1   | Reached skill level 4 in Hexes
133233 | Tomb:1   | Killed a greater mummy
133233 | Tomb:1   | Reached skill level 5 in Hexes
133301 | Tomb:1   | Noticed a greater mummy
133315 | Tomb:1   | Killed a greater mummy
133315 | Tomb:1   | Reached skill level 6 in Hexes
133342 | Tomb:1   | Noticed a greater mummy
133358 | Tomb:1   | Killed a greater mummy
133358 | Tomb:1   | Reached skill level 7 in Hexes
133374 | Tomb:1   | Noticed a greater mummy
133393 | Tomb:1   | Killed a greater mummy
133395 | Tomb:1   | Noticed a greater mummy
133409 | Tomb:1   | Killed a greater mummy
133409 | Tomb:1   | Reached skill level 8 in Hexes
133664 | Tomb:1   | Noticed a greater mummy
133665 | Tomb:1   | Noticed a greater mummy
133678 | Tomb:1   | Killed a greater mummy
133679 | Tomb:1   | Noticed a greater mummy
133684 | Tomb:1   | Killed a greater mummy
133684 | Tomb:1   | Reached skill level 9 in Hexes
133698 | Tomb:1   | Killed a greater mummy
133985 | Tomb:1   | Noticed a greater mummy
133998 | Tomb:1   | Killed a greater mummy
133998 | Tomb:1   | Reached skill level 10 in Hexes
134053 | Tomb:1   | Noticed a greater mummy
134067 | Tomb:1   | Killed a greater mummy
134067 | Tomb:1   | Noticed a greater mummy
134088 | Tomb:1   | Killed a greater mummy
134296 | Tomb:1   | Noticed a greater mummy
134307 | Tomb:1   | Killed a greater mummy
134307 | Tomb:1   | Reached skill level 11 in Hexes
134542 | Tomb:1   | Noticed a greater mummy
134567 | Tomb:1   | Killed a greater mummy
134579 | Tomb:1   | Noticed a greater mummy
135295 | Tomb:2   | Noticed an ancient lich
135295 | Tomb:2   | Noticed a greater mummy
135346 | Tomb:2   | Reached skill level 12 in Hexes
135347 | Tomb:2   | Noticed an ancient lich
135362 | Tomb:2   | Killed an ancient lich
135395 | Tomb:2   | HP: 21/298 [mummy priest/divine providence (12)]
135397 | Tomb:2   | Noticed a greater mummy
135399 | Tomb:2   | Killed a greater mummy
135399 | Tomb:2   | Reached skill level 13 in Hexes
135417 | Tomb:2   | Killed a greater mummy
135422 | Tomb:2   | Killed an ancient lich
135528 | Tomb:2   | Reached skill level 14 in Hexes
135974 | Tomb:1   | Noticed a greater mummy
135983 | Tomb:1   | Noticed a greater mummy
135996 | Tomb:1   | Killed a greater mummy
135996 | Tomb:1   | Killed a greater mummy
136171 | Tomb:1   | Noticed a greater mummy
136191 | Tomb:1   | Killed a greater mummy
136399 | Tomb:1   | Noticed a greater mummy
136413 | Tomb:1   | Killed a greater mummy
136413 | Tomb:1   | Reached skill level 15 in Hexes
136571 | Tomb:1   | Noticed a greater mummy
136584 | Tomb:1   | Killed a greater mummy
136602 | Tomb:1   | Killed a greater mummy
137363 | Tomb:3   | Entered Level 3 of the Tomb of the Ancients
137380 | Tomb:3   | Noticed a greater mummy
137380 | Tomb:3   | Noticed a greater mummy
137380 | Tomb:3   | Noticed a greater mummy
137380 | Tomb:3   | Noticed a greater mummy
137380 | Tomb:3   | Noticed a greater mummy
137381 | Tomb:3   | Noticed a greater mummy
137382 | Tomb:3   | Got a golden rune of Zot
137382 | Tomb:3   | HP: 28/295 [flayed ghost/flay_damage[a greater mummy] (19)]
137385 | Tomb:3   | Reached skill level 16 in Hexes
137404 | Tomb:3   | Noticed a greater mummy
137422 | Tomb:3   | Noticed a greater mummy
137440 | Tomb:3   | Found the +4 dagger "Morg" {pain, MR+ Int+5}
138340 | Zot:5    | Got the Orb of Zot
138923 | D:2      | Noticed Liallasu the pandemonium lord
138938 | D:1      | Noticed Muexkiev the pandemonium lord
138954 | D:1      | Killed Muexkiev the pandemonium lord
138954 | D:1      | Reached skill level 17 in Hexes
138990 | D:$      | Escaped with the Orb!

Vanquished Creatures
  Cerebov (Pan)
  Asmodeus (Geh:7)
  Antaeus (Coc:7)
  the Royal Jelly (Slime:5)
  Gloorx Vloq (Pan)
  Mnoleg (Pan)
  the Serpent of Hell (Coc:7)
  Lom Lobon (Pan)
  7 orbs of fire
  Dispater (Dis:7)
  Tiamat (Zot:4)
  13 ancient liches
  The ghost of mordus the Slayer, a legendary MiBe of Makhleb (Zot:5)
  Mennas (Pan)
  14 pandemonium lords
  3 juggernauts
  24 greater mummies
  11 shard shrikes
  Boris (thrice) (Depths:4 Crypt:2 Tomb:1)
  Frederick (Depths:4)
  3 Killer Klowns (Zot:5)
  Saint Roka (Vaults:4)
  A curse toe (Zot:2)
  Geryon (Hell)
  2 caustic shrikes (Depths:4)
  9 golden dragons
  The ghost of Ukiefoc the Devastator, an adept DrFE of Vehumet (Vaults:4)
  Jory (Vaults:3)
  7 profane servitors
  32 bone dragons
  20 Tzitzimimeh
  A pearl dragon (Zig:11)
  37 liches
  3 doom hounds
  25 Brimstone Fiends
  3 electric golems
  6 hellephants
  4 iron giants
  13 Hell Sentinels
  Jorgrun (Lair:4)
  18 Ice Fiends
  Rupert (Lair:6)
  A shard shrike skeleton (Crypt:2)
  27 tentacled monstrosities
  24 Orb Guardians (Zot:5)
  Asterion (Lair:4)
  14 quicksilver dragons
  6 deep elf master archers
  5 deep elf blademasters
  18 acid blobs
  19 titans
  Murray (Hell)
  19 ancient champions
  37 Executioners
  A sphinx (shapeshifter) (Vaults:5)
  Agnes (D:15)
  119 tentacled starspawn
  2 eldritch tentacles
  9 death cobs
  2 thorn hunters
  14 sphinxes
  3 tengu reavers
  10 draconian monks
  23 shadow dragons
  Kirke (D:15)
  An azure jelly (shapeshifter) (Vaults:5)
  5 azure jellies
  6 nagarajas
  16 storm dragons
  9 revenants
  17 fire giants
  11 daevas
  8 emperor scorpions
  5 draconian scorchers
  9 deep elf sorcerers
  11 draconian knights
  16 frost giants
  2 orc warlords
  5 iron dragons
  A curse skull (Pan)
  14 vault wardens
  11 ghost moths
  33 cacodemons
  32 balrugs
  7 draconian shifters
  6 angels
  13 deep elf elementalists
  7 draconian stormcallers
  The ghost of Melum the Executioner, a journeyman HOMo of Qazlal (Lair:5)
  24 ironheart preservers
  2 juggernaut skeletons
  12 warmongers (Pan)
  14 ghouls
  6 draconian annihilators
  A caustic shrike skeleton (Crypt:3)
  89 very ugly things
  16 blood saints
  61 reapers
  2 stone giants (shapeshifter)
  3 apis (Zig:11)
  3 elemental wellsprings
  23 stone giants
  8 war gargoyles
  5 vampire knights
  4 entropy weavers
  14 corrupters
  10 black suns (Pan)
  17 green draconians
  12 deep elf demonologists
  6 ophanim
  14 black draconians
  14 bennus
  A pale draconian (Depths:5)
  4 spark wasps
  17 lorocyprocas
  A dire elephant (Abyss:1)
  8 red draconians
  A minotaur (shapeshifter) (Abyss:2)
  Azrael (D:15)
  11 white draconians
  18 deep elf annihilators
  30 blizzard demons
  7 purple draconians
  9 yellow draconians
  9 eidola
  A spark wasp (shapeshifter) (Vaults:5)
  A quicksilver dragon zombie (Tar:7)
  20 green deaths
  8 ettins
  11 deep elf death magi
  16 mummy priests
  A death ooze (Slime:5)
  2 fire dragons (Depths:4)
  9 jiangshi
  A merfolk impaler (Depths:1)
  A kraken zombie (Coc:7)
  23 yaktaur captains
  The ghost of mhtbhm the Cleaver, a journeyman MiBe of Trog (Orc:1)
  4 deep elf high priests
  Fannar (Orc:1)
  19 great orbs of eyes
  24 vault guards
  28 hydras
  24 rakshasas
  22 monstrous demonspawn (Pan)
  11 naga warriors
  8 spriggan air magi
  6 quicksilver dragon skeletons
  3 hell beasts (Pan)
  22 ice dragons
  4 ghost crabs
  3 anacondas
  2 shambling mangroves (Swamp:3)
  The ghost of Smashy the Unseen, a journeyman SpEn of Dithmenos (Orc:2)
  39 two-headed ogres
  A two-headed ogre (shapeshifter) (Vaults:5)
  4 alligators
  19 death yaks
  34 dancing weapons
  6 death knights
  2 catoblepae
  10 centaur warriors
  A queen ant (Lair:3)
  61 hell hogs
  13 deep troll earth magi
  13 deep troll shamans
  12 vampire magi
  6 titan zombies
  16 ogre magi
  2 orc high priests (Abyss:2)
  8 death scarabs (Tomb:3)
  A tengu warrior (Depths:4)
  109 thrashing horrors
  2 naga sharpshooters (Zig:10)
  7 shock serpents
  8 storm dragon zombies
  26 deep elf knights
  67 sun demons
  43 soul eaters
  25 hell knights
  282 large abominations
  10 titan skeletons
  6 iron trolls
  3 iron golems (Hell)
  7 storm dragon skeletons
  141 skeletal warriors
  A salamander mystic (Zig:10)
  62 sixfirhies
  8 anaconda zombies
  228 small abominations
  17 shadow wraiths
  3 golden dragon zombies
  21 spatial maelstroms
  A fire crab (shapeshifter) (D:11)
  36 deep trolls
  A sea snake (shapeshifter) (Vaults:5)
  74 wretched stars
  3 death drakes
  6 cherubim (Zig:11)
  11 flayed ghosts
  2 spriggan druids
  27 shadow demons
  15 glowing orange brains
  3 torturous demonspawn (Pan)
  343 starcursed masses
  14 swamp dragons
  2 ghost moth zombies
  4 wolf spider zombies
  11 gelid demonspawn (Pan)
  16 ironbrand convokers
  An orange crystal statue (Abyss:1)
  12 unseen horrors
  22 deep elf archers
  4 golden dragon skeletons
  9 infernal demonspawn (Pan)
  A tengu zombie (Depths:1)
  19 wizards
  A naga ritualist (Zig:10)
  20 phantasmal warriors
  9 necromancers
  A shadow dragon zombie (Abyss:1)
  76 ugly things
  An orb spider (shapeshifter) (Depths:2)
  20 orc knights
  17 orb spiders
  10 anaconda skeletons
  78 deep elf magi
  A faun (shapeshifter) (Abyss:2)
  3 iron dragon zombies
  7 shining eyes
  34 wolf spiders
  6 orc sorcerers
  2 salamanders (shapeshifter) (Abyss:1)
  A cyclops (shapeshifter) (Zig:2)
  4 stone giant zombies
  10 fire giant zombies
  6 frost giant zombies
  A sphinx skeleton (Crypt:2)
  2 shining eyes (shapeshifter)
  31 worldbinders
  8 cyclopes
  3 mana vipers
  7 shadow dragon skeletons
  7 iron dragon skeletons
  18 elephants
  2 manticores
  5 toenail golems (Volcano)
  Maurice (D:8)
  11 stone giant skeletons
  32 moths of wrath
  15 guardian serpents
  16 black mambas
  19 vault sentinels
  5 ice statues
  3 titan simulacra (Coc:7)
  7 fire giant skeletons
  11 naga magi
  132 smoke demons
  2 torpor snails
  3 shock serpent zombies
  21 apocalypse crabs
  8 frost giant skeletons
  19 molten gargoyles
  66 orange demons
  A water nymph (shapeshifter) (Zig:4)
  5 dire elephant zombies
  6 eyes of devastation
  32 rust devils
  A death yak zombie (Crypt:3)
  35 hellions
  A spiny frog (shapeshifter) (Vaults:3)
  A torpor snail (shapeshifter) (Vaults:2)
  A komodo dragon (shapeshifter) (Abyss:1)
  A storm dragon simulacrum (Abyss:3)
  A grey draconian zombie (Crypt:3)
  31 tormentors
  2 rime drakes
  9 kobold demonologists
  3 shock serpent skeletons
  59 yaktaurs
  A catoblepas zombie (Tomb:1)
  35 freezing wraiths
  An iron troll zombie (Crypt:2)
  7 dire elephant skeletons
  A rime drake (shapeshifter) (Abyss:3)
  31 efreet
  A catoblepas skeleton (Pan)
  An alligator snapping turtle skeleton (Crypt:2)
  A minotaur skeleton (Crypt:1)
  15 spiny frogs
  A spriggan skeleton (Zig:9)
  9 anaconda simulacra
  10 komodo dragons
  72 ancient zymes
  24 guardian mummies
  A yaktaur (shapeshifter) (Elf:1)
  36 demonic crawlers
  3 harpy zombies
  36 jumping spiders
  37 hellwings
  A purple draconian skeleton (Abyss:3)
  44 ice devils
  A green draconian skeleton (Crypt:3)
  3 meliai (Spider:2)
  A merfolk (shapeshifter) (Depths:1)
  6 trolls
  11 wind drakes (Pan)
  2 tengu conjurers (D:13)
  2 polar bears (Lair:6)
  40 red devils
  21 hydra zombies
  4 elf skeletons
  A shadow dragon simulacrum (Tar:6)
  5 silent spectres
  A wolf spider simulacrum (D:15)
  112 slime creatures
  Grinder (D:3)
  9 tyrant leeches
  3 harpy skeletons
  An iron dragon simulacrum (Coc:5)
  20 blink frogs
  5 alligator zombies
  A dream sheep (shapeshifter) (Vaults:5)
  2 raiju (shapeshifter)
  8 bog bodies
  21 hornets
  9 hippogriffs
  4 ice dragon zombies
  10 hydra skeletons
  A fire giant simulacrum (Abyss:1)
  3 human simulacra
  A guardian serpent zombie (Crypt:1)
  6 fire dragon zombies
  2 frost giant simulacra
  6 ettin zombies
  220 raiju
  2 deep troll skeletons (Depths:1)
  2 hippogriffs (shapeshifter)
  31 shadows
  A stone giant simulacrum (Abyss:3)
  The ghost of jujuben the Twirler, an amateur KoGl (D:3)
  147 flying skulls
  110 ynoxinuls
  2 alligator skeletons
  8 ettin skeletons
  2 air elementals
  A centaur simulacrum (D:15)
  A black mamba zombie (Abyss:1)
  8 vampires
  37 tarantellas
  2 tarantellas (shapeshifter)
  24 wraiths
  A dire elephant simulacrum (IceCv)
  22 water elementals
  8 ice dragon skeletons
  8 ushabtiu
  5 spriggans
  A hog (D:15)
  61 redbacks
  15 fire bats
  8 fire dragon skeletons
  Eustachio (D:3)
  6 black mamba skeletons
  2 wyverns (D:12)
  28 yaks
  16 fire elementals
  An emperor scorpion simulacrum (Coc:7)
  27 golden eyes
  A yak (shapeshifter) (Depths:4)
  5 basilisks
  A basilisk (shapeshifter) (Depths:2)
  87 neqoxecs
  3 steam dragons (Depths:5)
  17 hungry ghosts
  A yaktaur simulacrum (Vaults:3)
  2 iron troll simulacra (IceCv)
  71 chaos spawn
  10 wargs
  17 spatial vortices
  Menkaure (D:6)
  15 vampire mosquitoes
  Edmund (D:4)
  A gelid demonspawn zombie (Crypt:3)
  4 harpy simulacra (IceCv)
  14 swamp worms
  2 acid dragons (D:15)
  21 insubstantial wisps
  12 nagas
  104 hell hounds
  A swamp worm (shapeshifter) (Abyss:3)
  14 water moccasins
  21 soldier ants
  7 hydra simulacra
  7 porcupines
  Duvessa (D:7)
  A gelid demonspawn skeleton (Tar:6)
  5 floating eyes
  4 sky beasts
  5 spiny frog skeletons
  7 spiny frog zombies
  17 swamp drakes
  2 merfolk skeletons
  65 orc warriors
  3 black bears
  An elephant zombie (Crypt:1)
  A hornet zombie (Crypt:3)
  An ettin simulacrum (Tar:4)
  17 eyes of draining
  3 swamp dragon zombies
  An ice dragon simulacrum (Abyss:4)
  7 phantoms
  A black bear (shapeshifter) (Vaults:2)
  12 wolves
  An alligator simulacrum (Coc:1)
  17 ice beasts
  36 ogres
  3 manticore zombies
  17 necrophages
  3 snapping turtle zombies
  2 elephant skeletons
  12 snapping turtle skeletons
  3 swamp dragon skeletons
  12 boggarts
  15 centaurs
  11 crocodiles
  A yaktaur zombie (Crypt:2)
  An elf zombie (Elf:1)
  2 big kobolds
  A fire crab zombie (Crypt:3)
  9 earth elementals
  14 bullfrogs
  3 wyvern zombies
  A cyclops zombie (Crypt:1)
  A gnoll sergeant (D:11)
  Dowan (D:7)
  4 spiny frog simulacra
  4 scorpions
  A water moccasin skeleton (Crypt:3)
  2 troll zombies
  A queen bee zombie (Crypt:2)
  A scorpion (shapeshifter) (Abyss:3)
  4 killer bees (D:10)
  3 spriggan zombies
  An orc simulacrum (Orc:2)
  103 wights
  2 howler monkeys
  A troll skeleton (Tomb:1)
  2 electric eels
  23 crimson imps
  7 hounds
  47 quasits
  2 bullfrog zombies
  7 centaur zombies
  A jelly (shapeshifter) (Abyss:3)
  25 orc priests
  2 hounds (shapeshifter) (Abyss:3)
  Crazy Yiuf (D:4)
  52 iron imps
  15 jellies
  41 orc wizards
  5 bullfrog skeletons
  7 centaur skeletons
  Jessica (D:2)
  Ijyb (D:5)
  3 iguanas
  28 worker ants
  9 hell rats
  2 worker ants (shapeshifter) (Abyss:3)
  A naga zombie (Abyss:1)
  An ogre skeleton (Tar:4)
  A tengu skeleton (Tar:3)
  A hound zombie (Crypt:3)
  44 mummies
  4 worker ant zombies
  8 gnolls
  16 adders
  A gnoll (shapeshifter) (Abyss:3)
  4 ogre simulacra
  24 shadow imps
  50 white imps
  32 ufetubi
  An ooze (shapeshifter) (Abyss:3)
  11 oozes
  3 worms
  4 ball lightnings (Pan)
  2 dart slugs
  A leopard gecko (shapeshifter) (Abyss:3)
  3 leopard geckos
  145 orcs
  A ball python (D:6)
  6 giant cockroaches
  8 goblins
  4 hobgoblins
  5 jackals
  5 quokkas
  2 bats (shapeshifter) (Abyss:3)
  9 bats
  A frilled lizard (shapeshifter) (Abyss:3)
  6 frilled lizards
  3 jackal skeletons
  17 kobolds
  An orc zombie (Dis:7)
  A quokka zombie (D:5)
  A rat (shapeshifter) (Abyss:3)
  6 rats
  3 spectral orcs
  2 blocks of ice (Pan)
  2 demonic plants (Pan)
  5 fire vortices (Pan)
  2 fungi
  5 lurking horrors
  3 pillars of salt (Abyss:2)
  4 plants
  140 starspawn tentacles
  2 tentacles (Coc:7)
7816 creatures vanquished.

Vanquished Creatures (collateral kills)
  Ereshkigal (Tar:7)
  An ancient lich (Abyss:1)
  2 golden dragons (Vaults:5)
  Nikola (Spider:1)
  3 Tzitzimimeh
  3 Brimstone Fiends (Geh:7)
  2 iron giants (Dis:7)
  An electric golem (Zot:2)
  3 tentacled monstrosities
  3 Ice Fiends
  A lich (Abyss:4)
  An Orb Guardian (Zot:5)
  A quicksilver dragon (Depths:4)
  3 titans (Zot:2)
  An ancient champion (Dis:7)
  A tentacled starspawn (Abyss:1)
  3 storm dragons
  4 shadow dragons
  A daeva (Depths:4)
  A draconian monk (Depths:5)
  A draconian scorcher (Zot:2)
  A fire giant (Vaults:5)
  An iron dragon (Dis:7)
  3 balrugs
  3 vault wardens (Vaults:5)
  2 emperor scorpions
  2 war gargoyles (Dis:7)
  4 stone giants
  An ironheart preserver (Vaults:5)
  6 reapers
  A draconian annihilator (Zot:4)
  4 very ugly things
  A black draconian (Depths:5)
  A lorocyproca (Pan)
  A pale draconian (Depths:5)
  A spark wasp (Depths:4)
  A red draconian (Zot:2)
  A blizzard demon (Coc:7)
  An ettin (Vaults:5)
  A fire dragon (Depths:4)
  5 ice dragons
  A ghost crab (Tar:7)
  7 vault guards (Vaults:5)
  A quicksilver dragon skeleton (Tar:7)
  2 dancing weapons
  3 deep troll shamans
  A deep troll earth mage (Depths:5)
  A titan zombie (Tar:5)
  A hell hog (Depths:4)
  A sun demon (Pan)
  A thrashing horror (Abyss:3)
  2 hell knights
  A sixfirhy (Pan)
  A soul eater (Tar:7)
  A wretched star (Abyss:1)
  A storm dragon skeleton (Geh:7)
  A golden dragon zombie (Tar:7)
  2 anaconda zombies
  10 skeletal warriors
  4 deep trolls
  A golden dragon skeleton (Geh:7)
  A shadow demon (Tar:7)
  A deep elf archer (Vaults:4)
  A flayed ghost (Geh:7)
  An infernal demonspawn (Pan)
  An ironbrand convoker (Vaults:5)
  A phantasmal warrior (Tar:7)
  3 orb spiders
  4 deep elf magi
  An ugly thing (Depths:1)
  An elephant (Abyss:3)
  A smoke demon (Abyss:2)
  2 dire elephant skeletons (Geh:7)
  An orange demon (Pan)
  A hellion (Dis:7)
  3 ice devils (Coc:7)
  A hellwing (Pan)
  A catoblepas skeleton (Coc:7)
  A yaktaur (shapeshifter) (Depths:4)
  2 yaktaurs
  A freezing wraith (Tar:7)
  2 silent spectres (Tar:7)
  An ice dragon zombie (Tar:4)
  An alligator zombie (Coc:7)
  4 water elementals (Depths:5)
  A shadow (Tar:7)
  A flying skull (Tar:4)
  A black mamba skeleton (Coc:7)
  A chaos spawn (Abyss:2)
  A spatial vortex (Abyss:2)
  A floating eye (Depths:4)
  A large abomination (Pan)
  A phantom (Tar:7)
  2 boggarts
  An orc warrior (Vaults:5)
  An ogre (Vaults:2)
  A snapping turtle skeleton (Tar:7)
  4 wights
  An iron imp (Dis:7)
  A naga skeleton (Geh:7)
  A shadow imp (Tar:4)
  A white imp (Abyss:1)
  2 orcs
182 creatures vanquished.

Vanquished Creatures (others)
  A deep elf master archer (Dis:2)
  A quicksilver dragon (Dis:7)
  A titan (Pan)
  A storm dragon (Pan)
  2 emperor scorpions (Spider:4)
  A draconian annihilator (Pan)
  An elemental wellspring (Coc:7)
  3 hell hogs
  A deep elf knight (Vaults:2)
  A shadow wraith (Abyss:4)
  A wretched star (Abyss:3)
  A deep troll (Vaults:3)
  A swamp dragon (Swamp:4)
  A wizard (Pan)
  4 glowing orange brains
  A mana viper (Abyss:1)
  An orb spider (Spider:2)
  A wolf spider (Spider:4)
  2 deep elf magi (Elf:2)
  An ugly thing (Depths:5)
  3 large abominations
  A worldbinder (Abyss:1)
  2 smoke demons
  A hellion (Geh:7)
  A hellwing (Pan)
  A jumping spider (Spider:1)
  3 wind drakes (Pan)
  A raiju (Abyss:3)
  2 blink frogs
  2 flying skulls (Tomb:2)
  A tarantella (Spider:4)
  A water elemental (Abyss:1)
  A basilisk (shapeshifter) (Vaults:3)
  A redback (Spider:4)
  3 humans (D:15)
  4 chaos spawn
  A fire bat (Abyss:4)
  3 golden eyes (Abyss:3)
  6 small abominations
  A neqoxec (Pan)
  A swamp worm (Swamp:3)
  2 hell hounds
  A sky beast (D:15)
  2 orc warriors
  A starcursed mass (Abyss:4)
  An ogre (Vaults:5)
  A spiny frog simulacrum (Abyss:3)
  3 quasits
  A jelly (Abyss:1)
  An orc wizard (Orc:2)
  A hell rat (Hell)
  An ogre zombie (Dis:7)
  An ufetubus (Abyss:3)
  4 ball lightnings (Pan)
  2 orcs (D:15)
  15 fungi
  10 lurking horrors
  3 pillars of salt
  13 plants
  201 starspawn tentacles
  3 tentacles (Coc:7)
  23 withered plants (Crypt:3)
357 creatures vanquished.

Grand Total: 8355 creatures vanquished

Table legend:
 A = Turns spent in this place as a percentage of turns spent in the entire game.
 B = Non-inter-level travel turns spent in this place as a percentage of non-inter-level travel turns spent in the entire game.
 C = Inter-level travel turns spent in this place as a percentage of turns spent in this place.
 D = Turns resting spent in this place as a percentage of non-inter-level travel turns spent in this place.
 E = Turns spent auto-exploring this place as a percentage of non-inter-level travel turns spent in this place.
 F = Non-inter-level travel turns spent in this place divided by the number of levels of this place that you've seen.
                   A       B       C       D       E      F
               +-------+-------+-------+-------+-------+----------------------
         Total | 100.0 | 100.0 |   9.3 |  26.2 |  22.5 | 472.3
       Dungeon |  14.2 |  11.7 |  25.4 |  21.5 |  49.3 | 984.3
        Temple |   0.1 |   0.1 |  41.0 |   0.0 |  95.0 | 121.0
          Lair |   9.3 |   8.8 |  14.1 |  35.5 |  28.2 | 1840.8
         Swamp |   3.4 |   3.6 |   3.3 |  37.0 |  38.6 | 1146.8
   Spider Nest |   3.3 |   3.5 |   3.6 |  35.8 |  32.1 | 1103.2
    Slime Pits |   1.2 |   1.3 |   2.6 |  55.7 |   0.0 | 317.0
  Orcish Mines |   2.0 |   2.0 |   9.9 |  22.9 |  36.7 | 1274.5
   Elven Halls |   3.6 |   3.6 |   9.7 |  22.0 |  31.8 | 1501.0
        Vaults |   6.6 |   6.5 |  10.4 |   8.5 |  45.2 | 1642.2
         Crypt |   3.2 |   3.3 |   6.8 |  10.5 |  47.7 | 1372.0
          Tomb |   4.2 |   4.3 |   7.3 |  58.6 |  15.9 | 1824.7
        Depths |   7.5 |   6.5 |  21.2 |  46.2 |  21.1 | 1650.6
          Hell |   0.7 |   0.7 |  12.4 |  29.8 |  24.9 | 859.0
           Dis |   1.0 |   1.1 |   3.3 |  20.2 |   1.6 | 267.8
       Gehenna |   1.3 |   1.3 |   7.8 |  21.7 |   0.0 | 275.3
       Cocytus |   1.3 |   1.4 |   0.2 |  16.1 |   0.0 | 254.3
      Tartarus |   1.8 |   1.9 |   1.2 |  10.4 |   0.6 | 344.0
           Zot |   5.8 |   5.9 |   7.3 |  36.5 |  23.9 | 1482.2
         Abyss |  20.5 |  22.6 |   0.0 |  13.0 |   4.0 | 230.2
   Pandemonium |   6.8 |   7.5 |   0.0 |  31.2 |   7.2 | 232.1
      Ziggurat |   1.0 |   1.1 |   0.0 |  46.3 |   0.0 | 112.9
        Bazaar |   0.2 |   0.3 |   0.0 |  80.7 |   0.0 | 342.0
      Ice Cave |   0.4 |   0.4 |   0.0 |  29.6 |  12.6 | 541.0
       Volcano |   0.5 |   0.6 |   0.0 |  26.7 |   8.8 | 724.0
               +-------+-------+-------+-------+-------+----------------------

Table legend:
 A = Non-vault XP
 B = Vault XP
 C = Vault XP percentage of total XP
 D = Non-vault monster count
 E = Vault monster count
 F = Vault count percentage of total count
                 A         B        C        D         E       F
            +---------+---------+-------+---------+---------+-------
      Total | 3649295 | 1895570 |  34.2 |    6049 |    1719 |  22.1
            +---------+---------+-------+---------+---------+-------
        D:1 |      35 |       0 |   0.0 |      13 |       0 |   0.0
        D:2 |      59 |      44 |  42.7 |      19 |       6 |  24.0
        D:3 |     154 |     718 |  82.3 |      26 |       8 |  23.5
        D:4 |     336 |     207 |  38.1 |      10 |       2 |  16.7
        D:5 |     422 |      36 |   7.9 |      21 |       1 |   4.5
        D:6 |    1117 |     169 |  13.1 |      25 |       1 |   3.8
        D:7 |    1039 |     357 |  25.6 |      21 |       3 |  12.5
        D:8 |    1031 |     969 |  48.5 |      21 |      25 |  54.3
        D:9 |    2707 |     158 |   5.5 |      26 |       8 |  23.5
       D:10 |    1416 |     343 |  19.5 |      19 |       1 |   5.0
       D:11 |    6016 |       0 |   0.0 |      33 |       0 |   0.0
       D:12 |    5731 |     271 |   4.5 |      24 |       5 |  17.2
       D:13 |    3626 |       0 |   0.0 |      20 |       0 |   0.0
       D:14 |    1104 |    5804 |  84.0 |       6 |      14 |  70.0
       D:15 |   10927 |   13787 |  55.8 |      38 |      19 |  33.3
     Lair:1 |    4105 |    1061 |  20.5 |      19 |       9 |  32.1
     Lair:2 |    2258 |    8068 |  78.1 |      11 |      17 |  60.7
     Lair:3 |    2551 |    4929 |  65.9 |      13 |      41 |  75.9
     Lair:4 |   10742 |    8092 |  43.0 |      32 |       7 |  17.9
     Lair:5 |    4873 |    7290 |  59.9 |      14 |      12 |  46.2
     Lair:6 |   12295 |   13796 |  52.9 |      33 |      28 |  45.9
    Swamp:1 |   11255 |       0 |   0.0 |      37 |       0 |   0.0
    Swamp:2 |   11524 |       0 |   0.0 |      24 |       0 |   0.0
    Swamp:3 |   14972 |     754 |   4.8 |      34 |       2 |   5.6
    Swamp:4 |    4593 |   19817 |  81.2 |      16 |      27 |  62.8
   Spider:1 |   15577 |   12774 |  45.1 |      31 |      28 |  47.5
   Spider:2 |   12948 |       0 |   0.0 |      40 |       0 |   0.0
   Spider:3 |   11016 |       0 |   0.0 |      35 |       0 |   0.0
   Spider:4 |   11638 |   22009 |  65.4 |      32 |      49 |  60.5
    Slime:1 |    6428 |       0 |   0.0 |      17 |       0 |   0.0
    Slime:2 |    4666 |       0 |   0.0 |      14 |       0 |   0.0
    Slime:3 |    9213 |       0 |   0.0 |      13 |       0 |   0.0
    Slime:4 |    8779 |       0 |   0.0 |      18 |       0 |   0.0
    Slime:5 |    5188 |   35512 |  87.3 |      10 |      16 |  61.5
      Orc:1 |    4710 |    6243 |  57.0 |      64 |      22 |  25.6
      Orc:2 |    3469 |    8577 |  71.2 |      30 |      57 |  65.5
      Elf:1 |    9704 |    5341 |  35.5 |      17 |       9 |  34.6
      Elf:2 |   23069 |   29541 |  56.2 |      35 |      41 |  53.9
      Elf:3 |   12510 |   59585 |  82.6 |      21 |      42 |  66.7
   Vaults:1 |   19636 |    5419 |  21.6 |      46 |      10 |  17.9
   Vaults:2 |   30762 |   23667 |  43.5 |      49 |      33 |  40.2
   Vaults:3 |   61272 |   30757 |  33.4 |      95 |      41 |  30.1
   Vaults:4 |   37828 |   48352 |  56.1 |      58 |      57 |  49.6
   Vaults:5 |   34994 |  120797 |  77.5 |      58 |      88 |  60.3
    Crypt:1 |   22421 |       0 |   0.0 |      29 |       0 |   0.0
    Crypt:2 |   43815 |    1382 |   3.1 |      45 |       2 |   4.3
    Crypt:3 |   33391 |   48366 |  59.2 |      39 |      58 |  59.8
     Tomb:1 |   16727 |  167262 |  90.9 |      39 |      49 |  55.7
     Tomb:2 |   17363 |   58711 |  77.2 |      44 |      45 |  50.6
     Tomb:3 |   15660 |    5378 |  25.6 |      25 |       7 |  21.9
   Depths:1 |   37126 |    1175 |   3.1 |      64 |       3 |   4.5
   Depths:2 |   24892 |    2545 |   9.3 |      33 |       5 |  13.2
   Depths:4 |   39160 |   93607 |  70.5 |      48 |      65 |  57.5
   Depths:5 |   41384 |   22214 |  34.9 |      45 |      21 |  31.8
       Hell |   39777 |   42594 |  51.7 |      53 |      55 |  50.9
      Dis:1 |   10766 |       0 |   0.0 |      22 |       0 |   0.0
      Dis:2 |   33097 |       0 |   0.0 |      48 |       0 |   0.0
      Dis:3 |    3167 |       0 |   0.0 |       2 |       0 |   0.0
      Dis:6 |    9639 |       0 |   0.0 |      21 |       0 |   0.0
      Dis:7 |   48391 |   61570 |  56.0 |      72 |      30 |  29.4
      Geh:1 |   18893 |   11456 |  37.7 |      29 |      20 |  40.8
      Geh:2 |    8576 |       0 |   0.0 |      29 |       0 |   0.0
      Geh:5 |     588 |       0 |   0.0 |       2 |       0 |   0.0
      Geh:6 |   17142 |       0 |   0.0 |      37 |       0 |   0.0
      Geh:7 |   74686 |   50901 |  40.5 |     137 |      40 |  22.6
      Coc:1 |   11694 |       0 |   0.0 |      31 |       0 |   0.0
      Coc:2 |    6180 |       0 |   0.0 |       9 |       0 |   0.0
      Coc:3 |   21611 |       0 |   0.0 |      22 |       0 |   0.0
      Coc:4 |    4869 |       0 |   0.0 |       8 |       0 |   0.0
      Coc:5 |    9654 |       0 |   0.0 |      22 |       0 |   0.0
      Coc:6 |   23216 |       0 |   0.0 |      21 |       0 |   0.0
      Coc:7 |   72298 |   65745 |  47.6 |     101 |      47 |  31.8
      Tar:1 |   33597 |       0 |   0.0 |      65 |       0 |   0.0
      Tar:2 |   19593 |       0 |   0.0 |      20 |       0 |   0.0
      Tar:3 |   21081 |       0 |   0.0 |      25 |       0 |   0.0
      Tar:4 |   39530 |       0 |   0.0 |      57 |       0 |   0.0
      Tar:5 |   24496 |       0 |   0.0 |      34 |       0 |   0.0
      Tar:6 |    4077 |       0 |   0.0 |      10 |       0 |   0.0
      Tar:7 |   31557 |   63405 |  66.8 |      58 |      35 |  37.6
      Zot:1 |   44016 |       0 |   0.0 |      21 |       0 |   0.0
      Zot:2 |   82128 |   35587 |  30.2 |      48 |      17 |  26.2
      Zot:3 |   87476 |       0 |   0.0 |      54 |       0 |   0.0
      Zot:4 |   47784 |   16288 |  25.4 |      23 |       6 |  20.7
      Zot:5 |   53199 |  166090 |  75.7 |      31 |      41 |  56.9
    Abyss:1 |  765579 |   31927 |   4.0 |    1223 |      30 |   2.4
    Abyss:2 |  247930 |   17730 |   6.7 |     529 |      31 |   5.5
    Abyss:3 |  411636 |   25826 |   5.9 |     776 |      72 |   8.5
    Abyss:4 |   25851 |   22369 |  46.4 |      69 |      26 |  27.4
    Abyss:5 |   46534 |       0 |   0.0 |      61 |       0 |   0.0
        Pan |  415364 |  372216 |  47.3 |     494 |     247 |  33.3
      Zig:1 |     873 |       0 |   0.0 |       3 |       0 |   0.0
      Zig:2 |    2129 |       0 |   0.0 |       3 |       0 |   0.0
      Zig:3 |    3162 |       0 |   0.0 |       4 |       0 |   0.0
      Zig:4 |    3330 |       0 |   0.0 |       6 |       0 |   0.0
      Zig:5 |    2503 |       0 |   0.0 |       9 |       0 |   0.0
      Zig:6 |   12456 |       0 |   0.0 |       6 |       0 |   0.0
      Zig:7 |    6004 |       0 |   0.0 |      12 |       0 |   0.0
      Zig:8 |    7846 |       0 |   0.0 |      12 |       0 |   0.0
      Zig:9 |    6551 |       0 |   0.0 |      15 |       0 |   0.0
     Zig:10 |   15380 |       0 |   0.0 |      20 |       0 |   0.0
     Zig:11 |   22862 |       0 |   0.0 |      17 |       0 |   0.0
     Zig:12 |   20293 |       0 |   0.0 |      29 |       0 |   0.0
      IceCv |       0 |    9375 | 100.0 |       0 |      27 | 100.0
    Volcano |       0 |    6607 | 100.0 |       0 |      11 | 100.0
            +---------+---------+-------+---------+---------+-------
